 Dungeon Crawl Stone Soup version 0.25-b1-46-gb8a1ec05df (webtiles) character file.

Game seed: 2212207556119013078

11014554 nano the Conqueror (level 27, 321/321 (323) HPs)
             Began as a Demonspawn Abyssal Knight on June 6, 2020.
             Was an Elder of Lugonu.
             Escaped with the Orb
             ... and 15 runes on June 10, 2020!
             The game lasted 13:29:23 (150647 turns).

nano the Conqueror (Demonspawn Abyssal Knight)    Turns: 150647, Time: 13:29:24

HP:   321/321 (323) AC: 41    Str: 26    XL:     27
MP:   38/38         EV: 26    Int: 34    God:    Lugonu [****..]
Gold: 10093         SH: 36    Dex: 21    Spells: 4/48 levels left

rFire    + + .     SeeInvis .   E - +9 rapier (distort)
rCold    + + .     Gourm    .   G - +8 tower shield {reflect}
rNeg     + + +     Faith    .   p - +11 pearl dragon scales of Boredom {rN+ Int+9}
rPois    +         Spirit   +   (helmet unavailable)
rElec    +         Reflect  +   K - scarf {rC+ rF+}
rCorr    .         Harm     .   P - +2 pair of gloves {Str+3}
MR       +++..     Clarity  +   B - +2 pair of boots {Fly}
Stlth    +++.......             A - amulet of Ythric {Acrobat rElec rPois rN+ Int+4}
HPRegen  0.63/turn              b - ring "Biybudes" {rF+ rC+ Int+2}
MPRegen  0.52/turn              g - ring of Pefa Hui {+Fly rN++ MR+ Int+3}

@: flying
A: fangs 2, horns 3, thin skeletal structure 3, camouflage 2, clarity, clever 1,
mutation resistance 1, robust 3, spiny 3, magic shield, magic regeneration,
magic link
0: Orb of Zot
}: 15/15 runes: barnacled, slimy, silver, golden, iron, obsidian, icy, bone,
abyssal, demonic, glowing, magical, fiery, dark, gossamer
a: Depart the Abyss, Bend Space, Banish, Corrupt, Renounce Religion, Stop Flying


You escaped.
You worshipped Lugonu.
Lugonu was greatly pleased with you.
You were not hungry.

You visited 17 branches of the dungeon, and saw 89 of its levels.
You visited Pandemonium 1 time, and saw 27 of its levels.
You visited the Abyss 10 times.
You visited 1 bazaar.
You also visited: Ice Cave and Volcano.

You collected 18693 gold pieces.
You spent 8600 gold pieces at shops.

Inventory:

Hand Weapons
 D - the +5 dagger of the Skies Above {venom, rF++ rC+}
   (You found it on level 4 of the Dungeon)

   It poisons the flesh of those it strikes.
   It greatly protects you from fire.
   It protects you from cold.
 E - a +9 rapier of distortion (weapon)
 L - the +9 sword of Zonguldrok {reap}
   (You found it on level 1 of the Depths)

   If a monster killed with it leaves a corpse in good enough shape, the corpse
   will be animated as a zombie friendly to the killer.
 Y - a +4 antimagic demon blade
Missiles
 F - 10 throwing nets {!f}
 V - 27 atropa-tipped darts (quivered)
Armour
 p - the +11 pearl dragon scales of Boredom (worn) {rN+ Int+9}
   (You found it on level 7 of Tartarus)

   It affects your intelligence (+9).
   It protects you from negative energy.
 x - the +2 ratskin cloak {+Rats rPois rN+ Str-1 Int-1 Dex+1}
   (You found it on level 1 of the Crypt)

   It affects your strength (-1).
   It affects your intelligence (-1).
   It affects your dexterity (+1).
   It protects you from poison.
   It protects you from negative energy.
 B - a +2 pair of boots of flying (worn)
 G - a +8 tower shield of reflection (worn)
 K - a scarf of resistance (worn)
 P - a +2 pair of gloves of strength (worn)
Jewellery
 b - the ring "Biybudes" (left hand) {rF+ rC+ Int+2}
   (You found it on level 3 of the Elven Halls)

   [ring of protection from cold]

   It affects your intelligence (+2).
   It protects you from fire.
   It protects you from cold.
 g - the ring of Pefa Hui (right hand) {+Fly rN++ MR+ Int+3}
   (You found it on level 3 of the Tomb of the Ancients)

   [ring of protection from magic]

   It affects your intelligence (+3).
   It greatly protects you from negative energy.
   It affects your resistance to hostile enchantments.
   It lets you fly.
 y - the ring "Vyeneu" {Str+4 Slay+4}
   (You found it on level 5 of the Pits of Slime)

   [ring of slaying]

   It affects your strength (+4).
   It affects your accuracy and damage with ranged weapons and melee attacks
   (+4).
 A - the amulet of Ythric (around neck) {Acrobat rElec rPois rN+ Int+4}
   (You bought it in a shop on level 2 of the Depths)

   [amulet of the acrobat]

   It helps you evade while moving and waiting.
   It affects your intelligence (+4).
   It insulates you from electricity.
   It protects you from poison.
   It protects you from negative energy.
 I - the ring of Kinisax {Fire rN++}
   (You bought it in a shop in a bazaar)

   [ring of fire]

   It enhances your fire magic.
   It protects you from fire.
   It makes you vulnerable to cold.
   It greatly protects you from negative energy.
 N - the ring of Robustness {AC+8}
   (You found it on level 5 of the Pits of Slime)

   [ring of protection]

   It affects your AC (+8).
 Q - the ring of Curiosity {+Inv +Fly MR+ SInv}
   (You found it in Pandemonium)

   [ring of see invisible]

   It affects your resistance to hostile enchantments.
   It lets you see invisible.
   It lets you turn invisible.
   It lets you fly.
Wands
 a - a wand of digging (13)
 f - a wand of random effects (42)
 q - a wand of disintegration (16)
 O - a wand of acid (38)
 S - a wand of flame (88)
 X - a wand of iceblast (43)
 Z - a wand of clouds (8)
Scrolls
 e - a scroll of enchant armour
 l - a scroll of blinking
 m - 12 scrolls of fog
 n - 11 scrolls of fear
 o - 4 scrolls of teleportation {@r3}
 R - 11 scrolls of vulnerability
 U - 3 scrolls of silence
Potions
 i - a potion of might
 j - 21 potions of curing {@q1}
 k - 8 potions of resistance
 r - 5 potions of mutation
 t - 10 potions of berserk rage
 u - 2 potions of brilliance
 w - 2 potions of heal wounds
 z - a potion of haste
 C - a potion of magic
 H - a potion of stabbing
 W - 3 potions of cancellation
Miscellaneous
 d - 5 phantom mirrors
 h - a tin of tremorstones (3/3)
 s - 9 boxes of beasts
 v - a lightning rod (4/4)
 J - a figurine of a ziggurat
 M - the horn of Geryon (inert)
 T - a phial of floods
Comestibles
 c - 14 rations


   Skills:
 O Level 27 Fighting
 - Level 17.3(19.0) Short Blades
 - Level 13.8(17.2) Long Blades
   Level 1.1 Polearms
 - Level 12.0 Throwing
 O Level 27 Armour
 + Level 18.6 Dodging
 - Level 16.5 Stealth
 O Level 27 Shields
 * Level 11.4 Spellcasting
 - Level 4.0 Conjurations
 - Level 18.1 Necromancy
 - Level 13.0 Transmutations
 - Level 10.0 Earth Magic
 - Level 8.0 Poison Magic
 - Level 15.2 Invocations
 - Level 20.1 Evocations


You had 4 spell levels left.
You knew the following spells:

 Your Spells              Type           Power        Failure   Level  Hunger
a - Apportation           Tloc           ###...       3%          1    None
b - Summon Butterflies    Summ           ###.....     3%          1    None
c - Swiftness             Chrm/Air       ###.....     5%          2    None
d - Blink                 Tloc           N/A          5%          2    None
e - Statue Form           Tmut/Erth      #######..    4%          6    ####...
f - Borgnjor's Revivific  Necr           #######...   13%         8    #######
g - Borgnjor's Vile Clut  Necr/Erth      #######...   1%          5    #......
h - Irradiate             Conj/Tmut      ######....   3%          5    #......
i - Eringya's Noxious Bo  Tmut/Pois      ######....   7%          6    ####...
j - Necromutation         Tmut/Necr      #######...   36%         8    #######

Your spell library contained the following spells:

 Spells                   Type           Power        Failure   Level  Hunger
 Animate Skeleton         Necr           N/A          0%          1    None
 Beastly Appendage        Tmut           ######       0%          1    None
 Pain                     Necr           ####         0%          1    None
 Sublimation of Blood     Necr           #######...   0%          2    None
 Vampiric Draining        Necr           #######...   0%          3    None
 Foxfire                  Conj/Fire      ####         1%          1    None
 Magic Dart               Conj           ####         1%          1    None
 Sandblast                Erth           ######       1%          1    None
 Shock                    Conj/Air       ####         1%          1    None
 Sting                    Tmut/Pois      ####         1%          1    None
 Corpse Rot               Necr/Air       N/A          1%          2    None
 Passwall                 Tmut/Erth      #######.     1%          2    None
 Poisonous Vapours        Pois/Air       #####.       1%          2    None
 Searing Ray              Conj           #####.       1%          2    None
 Sticks to Snakes         Tmut           #######.     1%          2    None
 Ignite Poison            Fire/Tmut/Pois ######..     1%          3    None
 Mephitic Cloud           Conj/Pois/Air  #####...     1%          3    None
 Spider Form              Tmut/Pois      ######....   1%          3    None
 Stone Arrow              Conj/Erth      ######       1%          3    None
 Animate Dead             Necr           N/A          1%          4    None
 Dispel Undead            Necr           #######.     1%          4    None
 Olgreb's Toxic Radiance  Pois           ######..     1%          4    None
 Petrify                  Tmut/Erth      #######.     1%          4    None
 Ice Form                 Ice/Tmut       ######..     2%          4    None
 Corona                   Hex            ###....      3%          1    None
 Freeze                   Ice            ###.         3%          1    None
 Summon Small Mammal      Summ           ###.         3%          1    None
 Conjure Flame            Conj/Fire      ####....     4%          3    None
 Dazzling Flash           Conj/Hex       ####..       4%          3    None
 Static Discharge         Conj/Air       ####....     4%          3    None
 Leda's Liquefaction      Hex/Erth       ######....   4%          4    None
 Call Imp                 Summ           ###.....     5%          2    None
 Ensorcelled Hibernation  Hex/Ice        ###...       5%          2    None
 Shroud of Golubria       Chrm/Tloc      ###...       5%          2    None
 Slow                     Hex            ###.....     5%          2    None
 Song of Slaying          Chrm           ###.....     5%          2    None
 Call Canine Familiar     Summ           ###.....     11%         3    None
 Confusing Touch          Hex            ###.....     11%         3    None
 Frozen Ramparts          Ice            ###...       11%         3    None
 Gell's Gravitas          Tloc           ###.......   11%         3    None
 Inner Flame              Hex/Fire       ###.....     11%         3    None
 Lesser Beckoning         Tloc           ###.......   11%         3    None
 Ozocubu's Armour         Chrm/Ice       ###.....     11%         3    None
 Portal Projectile        Hex/Tloc       ###...       11%         3    None
 Recall                   Summ/Tloc      N/A          11%         3    None
 Spectral Weapon          Hex/Chrm       ###.....     11%         3    None
 Summon Guardian Golem    Hex/Summ       ###.....     11%         3    None
 Tukima's Dance           Hex            ###.....     11%         3    None
 Fulminant Prism          Conj/Hex       ####......   16%         4    None
 Hailstorm                Conj/Ice       ####....     16%         4    None
 Iskenderun's Mystic Bla  Conj/Tloc      ####....     16%         4    None
 Sticky Flame             Conj/Fire      ####....     16%         4    None
 Airstrike                Air            ###.......   34%         4    None
 Cause Fear               Hex            ###.......   34%         4    None
 Summon Ice Beast         Ice/Summ       ###.....     34%         4    None
 Summon Lightning Spire   Summ/Air       ###.....     34%         4    None
 Agony                    Necr           #######.     1%          5    #......
 Alistair's Intoxication  Tmut/Pois      ######..     1%          5    #......
 Blade Hands              Tmut           #######...   1%          5    #......
 Lee's Rapid Deconstruct  Erth           ######....   1%          5    #......
 Death Channel            Necr           #######...   1%          6    ####...
 Excruciating Wounds      Chrm/Necr      ######....   2%          5    #......
 Hydra Form               Tmut           #######...   2%          6    ####...
 Yara's Violent Unravell  Hex/Tmut       ######....   7%          5    #......
 Simulacrum               Ice/Necr       ######....   13%         6    ####...
 Infestation              Necr           #######...   13%         8    #######
 Bolt of Magma            Conj/Fire/Erth ######....   14%         5    #......
 Dragon Form              Tmut           #######...   14%         7    ######.
 Iron Shot                Conj/Erth      ######....   30%         6    ####...
 Fireball                 Conj/Fire      ####......   38%         5    #......
 Iskenderun's Battlesphe  Conj/Chrm      ####....     38%         5    #......
 Lightning Bolt           Conj/Air       ####......   38%         5    #......
 Haunt                    Necr/Summ      ######....   56%         7    ######.
 Aura of Abjuration       Summ           ###.......   67%         5    #......
 Metabolic Englaciation   Hex/Ice        ###.......   67%         5    #......
 Silence                  Hex/Air        ###.......   67%         5    #......
 Summon Demon             Summ           ###.......   67%         5    #......
 Summon Forest            Summ/Tloc      ###.......   67%         5    #......
 Summon Mana Viper        Hex/Summ       ###.....     67%         5    #......
 Conjure Ball Lightning   Conj/Air       ####......   93%         6    ####...
 Starburst                Conj/Fire      ####......   93%         6    ####...
 Freezing Cloud           Conj/Ice/Air   ####......   97%         6    ####...
 Dispersal                Tloc           ###.......   99%         6    ####...
 Invisibility             Hex            ###.....     99%         6    ####...
 Ozocubu's Refrigeration  Ice            ###.......   99%         6    ####...
 Shadow Creatures         Summ           N/A          99%         6    ####...
 Orb of Destruction       Conj           #####.....   99%         7    ######.
 Death's Door             Chrm/Necr      ######....   99%         8    #######
 Malign Gateway           Summ/Tloc      ###.......   100%        7    ######.
 Ring of Flames           Chrm/Fire      ###.......   100%        7    ######.
 Spellforged Servitor     Conj/Summ      ####......   100%        7    ######.
 Summon Hydra             Summ           ###.......   100%        7    ######.
 Chain Lightning          Conj/Air       ####......   100%        8    #######
 Controlled Blink         Tloc           N/A          100%        8    #######
 Discord                  Hex            ###.......   100%        8    #######
 Disjunction              Tloc           ###.......   100%        8    #######
 Lehudib's Crystal Spear  Conj/Erth      ######....   100%        8    #######
 Absolute Zero            Ice            ###.......   100%        9    #######
 Fire Storm               Conj/Fire      ####......   100%        9    #######
 Tornado                  Air            ###.......   100%        9    #######


Dungeon Overview and Level Annotations

Branches:
Dungeon (15/15)            Temple (0/1) D:6            Lair (6/6) D:11
 Shoals (4/4) Lair:4       Spider (4/4) Lair:4        Slime (5/5) Lair:5
    Orc (2/2) D:11            Elf (3/3) Orc:2        Vaults (5/5) D:13
  Crypt (3/3) Vaults:2       Tomb (3/3) Crypt:3      Depths (5/5) D:15
   Hell (visited)             Dis (7/7) Hell            Geh (7/7) Hell
    Coc (7/7) Hell            Tar (7/7) Hell            Zot (5/5) Depths:5
  IceCv (visited)         Volcano (visited)

Altars:
Dithmenos
Elyvilon
Fedhas
Makhleb
Nemelex Xobeh
Okawaru
Qazlal
Ru
Trog
Wu Jian
Xom
Yredelemnul
Jiyva

Shops:
D:4 *}*}:   Orc:2 =[[[(   Elf:3 (   Vaults:1 =   Vaults:2 *:(=   Vaults:3 }
Vaults:4 %   Depths:1 !   Depths:2 }}=}   Depths:5 %

Portals:
Hell: Lair:6 Depths:1 Depths:2 Depths:3 Depths:4 Depths:5
Abyss: Depths:1 Depths:4
Pandemonium: Depths:2 Depths:3 Depths:4
Ziggurat: Depths:5

Annotations:
Elf:3 corrupted
Vaults:5 corrupted
Tomb:3 corrupted
Depths:3 corrupted
Depths:4 corrupted
Hell corrupted
Coc:7 corrupted
Zot:5 corrupted
Abyss:1 Aizul, Dispater, Ereshkigal, Ilsuiw


Innate Abilities, Weirdness & Mutations

You have a pair of large horns on your head.
You have an unnaturally thin skeletal structure. (Dex +6, Stealth++)
You are extremely robust. (+30% HP)
You are completely covered in sharp spines.
When hurt, damage is shared between your health and your magic reserves.
You regenerate magic rapidly.
When low on magic, you restore magic in place of health.
You have extremely sharp teeth.
Your skin blends seamlessly with your surroundings (Stealth++).
You possess an exceptional clarity of mind.
Your mind is acute. (Int +2)
You are somewhat resistant to further mutation.


Message History

You fly upwards.
There is a stone staircase leading down here.
Okay, then.
There is a stone staircase leading down here.
You see here a +0 hand axe.
There is a stone staircase leading up here.
You fly upwards.
There is a stone staircase leading down here.
You fly downwards.
There is a stone staircase leading up here.
There is a stone staircase leading up here.
You fly upwards.
There is a stone staircase leading down here.
There is an open door here.
There is an open door here.
There is a staircase leading out of the dungeon here.
Save game and exit?
Welcome back, nano the Demonspawn Abyssal Knight.
Lugonu says: Spread carnage and corruption!
You have escaped!

...#.###.## #.# #.#
.....# #..######.# #.#
###### #....(....# #.#
#########..###########.#
.......................#
#########...#########..#
........#..............#
......#.#.....(........#
......#.#.......@......#
......#.#..............#
......+.#..............#
......###...#########..#
.......................#
##########.....###....[#
)....................###
..##########.........#
##### ..#......#
#.........# #....


There were no monsters in sight!

Vanquished Creatures
  Cerebov (Pan)
  Antaeus (Coc:7)
  the Royal Jelly (Slime:5)
  Asmodeus (Geh:7)
  Lom Lobon (Pan)
  Gloorx Vloq (Pan)
  A seraph (Pan)
  Mnoleg (Pan)
  Mennas (Pan)
  6 ancient liches
  3 orbs of fire
  8 greater mummies
  16 shard shrikes
  Margery (Crypt:3)
  Frederick (Depths:5)
  A curse toe (Zot:2)
  4 Killer Klowns
  A caustic shrike (Depths:2)
  Nikola (Abyss:1)
  9 golden dragons
  A pearl dragon (Pan)
  Arachne (Abyss:1)
  2 profane servitors (Abyss:1)
  6 bone dragons
  21 Brimstone Fiends
  An electric golem (Zot:2)
  12 Tzitzimimeh
  8 doom hounds
  9 tentacled monstrosities
  2 iron giants (Dis:7)
  14 liches
  7 Hell Sentinels
  16 Ice Fiends
  3 quicksilver dragons
  19 Orb Guardians (Zot:5)
  6 titans
  2 krakens (Shoals:2)
  22 Executioners
  15 acid blobs
  An eldritch tentacle (Pan)
  Polyphemus (Shoals:4)
  Gastronok (Lair:3)
  8 ancient champions
  3 tentacled starspawn
  8 sphinxes
  Roxanne (Shoals:2)
  Kirke (Shoals:4)
  9 death cobs
  The ghost of Yakesh the Executioner, an adept MiFi of Gozag (Elf:1)
  13 storm dragons
  10 shadow dragons
  4 draconian monks
  8 tengu reavers
  Agnes (Spider:3)
  Donald (Lair:4)
  9 azure jellies
  18 daevas (Pan)
  8 fire giants
  2 revenants
  5 draconian knights
  4 ghost moths
  8 draconian scorchers
  3 curse skulls
  2 deep elf sorcerers
  31 balrugs
  10 vault wardens
  7 warmongers (Pan)
  4 emperor scorpions (Spider:4)
  2 orc warlords (Elf:1)
  7 draconian shifters
  A deep elf elementalist (Elf:1)
  4 ghouls
  9 frost giants
  4 iron dragons
  5 draconian stormcallers
  27 cacodemons
  27 angels (Pan)
  A juggernaut skeleton (Depths:3)
  11 ironheart preservers
  7 draconian annihilators
  21 war gargoyles
  10 blood saints (Pan)
  5 pandemonium lords (Pan)
  6 elemental wellsprings
  48 reapers
  12 ophanim (Pan)
  22 apis (Pan)
  13 stone giants
  8 bennus
  17 very ugly things
  12 black draconians
  2 deep elf demonologists
  7 corrupters (Pan)
  12 white draconians
  9 yellow draconians
  A deep elf annihilator (Elf:1)
  Azrael (Abyss:1)
  19 red draconians
  9 vampire knights
  9 purple draconians
  2 black suns (Pan)
  9 green draconians
  13 lorocyprocas
  17 spark wasps
  A merfolk javelineer (Shoals:4)
  13 ettins
  A deep elf death mage (Elf:3)
  3 crystal guardians
  3 death oozes
  10 mummy priests
  39 blizzard demons
  6 quicksilver dragon zombies
  4 jiangshi
  15 great orbs of eyes
  16 ogre magi
  8 merfolk impalers
  18 green deaths
  Erolcha (Abyss:1)
  12 yaktaur captains
  16 vault guards
  4 deep elf high priests (Vaults:5)
  3 hell beasts
  A kraken zombie (Coc:5)
  10 fire dragons
  5 hydras
  28 ice dragons
  7 rakshasas
  3 spriggan air magi
  6 quicksilver dragon skeletons
  6 monstrous demonspawn (Pan)
  A merfolk avatar (Shoals:3)
  4 merfolk aquamancers
  9 centaur warriors
  45 two-headed ogres
  21 dancing weapons
  2 alligator snapping turtles (Shoals:4)
  A catoblepas (Shoals:4)
  10 deep troll shamans
  2 satyrs
  An alligator (Shoals:4)
  34 hell hogs
  A queen ant (Abyss:1)
  4 vampire magi
  19 death scarabs
  6 death yaks
  6 deep troll earth magi
  3 tengu warriors
  4 spriggan berserkers
  6 thrashing horrors
  72 hell knights
  9 titan skeletons
  4 titan zombies
  4 storm dragon zombies
  Sonja (Lair:3)
  3 iron golems
  Urug (Lair:1)
  A shock serpent (shapeshifter) (Vaults:1)
  27 soul eaters
  5 wretched stars
  20 shadow wraiths
  61 sun demons
  9 iron trolls
  Nergalle (Lair:2)
  15 deep elf knights
  A fire crab (Lair:4)
  41 sixfirhies
  106 skeletal warriors
  5 sea snakes
  A spatial maelstrom (Abyss:1)
  11 gelid demonspawn (Pan)
  8 infernal demonspawn (Pan)
  18 cherubim (Pan)
  2 quicksilver dragon simulacra
  8 storm dragon skeletons
  A death drake (Abyss:1)
  7 golden dragon zombies
  31 shadow demons
  24 deep trolls
  5 unseen horrors
  18 anaconda zombies
  7 glowing orange brains
  11 torturous demonspawn (Pan)
  An orange crystal statue (Abyss:1)
  3 tengu zombies
  2 kraken simulacra
  17 phantasmal warriors
  5 shadow dragon zombies
  10 flayed ghosts
  3 ghost moth zombies
  4 deep elf archers
  10 harpies
  9 anaconda skeletons
  18 ironbrand convokers
  7 golden dragon skeletons
  9 iron dragon zombies
  3 wolf spider zombies
  14 wizards
  4 obsidian statues
  23 necromancers
  9 shadow dragon skeletons
  6 orc knights
  2 orc sorcerers
  37 wolf spiders
  13 orb spiders
  9 fire giant zombies
  2 mana vipers (Abyss:1)
  8 frost giant zombies
  2 sphinx zombies (Depths:1)
  4 stone giant zombies
  2 fauns (shapeshifter)
  5 oklob plants
  62 deep elf magi
  An orb spider (shapeshifter) (Vaults:1)
  10 shining eyes
  15 fauns
  43 ugly things
  11 manticores
  A salamander (Depths:3)
  10 cyclopes
  A worldbinder (Abyss:1)
  A spriggan zombie (Depths:1)
  4 dire elephant zombies
  A salamander (shapeshifter) (Depths:1)
  A black mamba (shapeshifter) (Depths:2)
  A water nymph (shapeshifter) (Depths:4)
  20 moths of wrath
  4 iron dragon skeletons
  22 elephants
  An ice statue (IceCv)
  7 fire giant skeletons
  8 frost giant skeletons
  5 stone giant skeletons
  3 water nymphs
  A shock serpent zombie (Tar:3)
  2 apocalypse crabs
  28 rust devils
  A spiny frog (shapeshifter) (Vaults:4)
  6 black mambas
  14 vault sentinels
  A titan simulacrum (Coc:2)
  18 merfolk sirens
  41 smoke demons
  3 gargoyles
  3 torpor snails
  18 molten gargoyles
  13 spiny frogs
  2 shock serpent skeletons
  24 orange demons
  Joseph (D:7)
  An eye of devastation (Slime:5)
  A yaktaur zombie (Vaults:3)
  2 catoblepas zombies
  4 spriggan skeletons
  A pale draconian zombie (Crypt:1)
  5 dire elephant skeletons
  27 hellions
  41 ice devils
  39 tormentors
  20 komodo dragons
  55 yaktaurs
  2 elf zombies (Depths:1)
  A minotaur zombie (Dis:3)
  5 emperor scorpion zombies
  3 harpy zombies
  35 freezing wraiths
  3 rime drakes
  A rime drake (shapeshifter) (Depths:2)
  10 efreet
  23 hellwings
  5 anaconda simulacra
  A redback zombie (Crypt:2)
  2 elf skeletons
  2 ancient zymes (Abyss:1)
  35 demonic crawlers
  A golden dragon simulacrum (Coc:7)
  33 guardian mummies
  5 trolls
  52 red devils
  8 hornets
  2 tengu conjurers (Depths:3)
  34 jumping spiders
  2 catoblepas skeletons
  2 silent spectres
  2 queen bees
  27 hydra zombies
  4 human skeletons
  9 meliai
  A meliai (shapeshifter) (Vaults:4)
  2 wind drakes (shapeshifter)
  A raiju (shapeshifter) (Vaults:1)
  2 wind drakes
  11 blink frogs
  20 merfolk
  9 ice dragon zombies
  2 polar bears
  11 ettin zombies
  A hornet (shapeshifter) (Depths:2)
  A wolf spider simulacrum (Coc:5)
  2 harpy skeletons
  10 hippogriffs
  8 alligator zombies
  97 slime creatures
  17 raiju
  A fire giant simulacrum (Crypt:2)
  11 dream sheep
  A dream sheep (shapeshifter) (Vaults:5)
  14 hydra skeletons
  4 fire dragon zombies
  6 snapping turtles
  2 stone giant simulacra (Coc:2)
  5 air elementals
  187 flying skulls
  A guardian serpent skeleton (Crypt:1)
  39 yaks
  30 water elementals
  47 redbacks
  22 tarantellas
  A tarantella (shapeshifter) (Vaults:5)
  7 alligator skeletons
  12 ettin skeletons
  8 ice dragon skeletons
  6 fire dragon skeletons
  4 spriggans
  27 wraiths
  2 wyverns
  33 shadows
  Eustachio (D:4)
  A hog (shapeshifter) (Vaults:5)
  10 ushabtiu
  A vampire (D:11)
  37 ynoxinuls
  17 humans (D:13)
  4 black mamba skeletons
  27 fire elementals
  6 hogs
  26 neqoxecs
  12 golden eyes
  8 basilisks
  6 vampire mosquitoes
  5 hungry ghosts
  Grum (D:9)
  36 chaos spawn
  43 large abominations
  A human simulacrum (Vaults:2)
  A warg (Vaults:4)
  2 nagas (Abyss:5)
  3 acid dragons
  3 soldier ants (shapeshifter)
  2 torturous demonspawn zombies
  59 hell hounds
  20 water moccasins
  6 porcupines
  18 spiny frog zombies
  A floating eye (shapeshifter) (Depths:1)
  A floating eye (Slime:2)
  4 hydra simulacra
  21 orc warriors
  2 merfolk skeletons
  7 spiny frog skeletons
  An alligator simulacrum (Hell)
  2 manticore zombies
  A swamp dragon zombie (Dis:7)
  2 hornet zombies
  12 eyes of draining
  8 phantoms
  2 sky beasts (D:13)
  2 black bears
  An ettin simulacrum (Tomb:2)
  5 boggarts
  2 ice dragon simulacra
  15 wolves
  18 ice beasts
  28 necrophages
  52 ogres
  20 starcursed masses
  4 snapping turtle zombies
  18 centaurs
  2 manticore skeletons
  A snapping turtle skeleton (Coc:7)
  13 crocodiles
  A swamp dragon skeleton (Geh:7)
  2 big kobolds
  12 bullfrogs
  A gnoll sergeant (Orc:1)
  2 earth elementals (Volcano)
  A spiny frog simulacrum (Coc:6)
  A wyvern skeleton (D:14)
  6 scorpions
  38 killer bees
  An elf simulacrum (Vaults:3)
  A troll zombie (Coc:5)
  137 wights
  4 howler monkeys
  4 electric eels
  A basilisk zombie (Crypt:2)
  7 crimson imps
  2 draconian simulacra (IceCv)
  2 centaur zombies
  2 quasits (Abyss:1)
  5 jellies
  28 orc wizards
  25 orc priests
  7 hounds
  A human zombie (Geh:1)
  3 centaur skeletons
  19 iron imps
  4 hell rats
  Natasha (thrice) (D:2)
  16 iguanas
  A spriggan simulacrum (IceCv)
  11 worker ants
  9 small abominations
  4 troll simulacra (IceCv)
  A sky beast zombie (Crypt:2)
  2 naga zombies (Coc:7)
  A deep dwarf skeleton (Crypt:2)
  An ogre skeleton (Geh:2)
  A hound zombie (D:6)
  2 worker ant zombies
  53 mummies
  A howler monkey skeleton (D:8)
  2 howler monkey zombies
  5 gnolls (Orc:1)
  11 adders
  3 naga simulacra (IceCv)
  4 river rats
  A swamp drake skeleton (Crypt:1)
  23 shadow imps
  36 white imps
  2 ufetubi (Abyss:1)
  An adder zombie (Crypt:2)
  An adder skeleton (D:4)
  3 worms
  2 dart slugs (D:2)
  6 leopard geckos
  121 orcs
  5 bats
  5 giant cockroaches
  6 goblins
  4 hobgoblins
  12 jackals
  15 kobolds
  8 quokkas
  4 ball pythons
  3 frilled lizards
  A giant cockroach zombie (D:5)
  3 jackal skeletons
  3 kobold zombies
  An orc zombie (Coc:4)
  6 rats
  4 crawling corpses (Vaults:5)
  5 plants
  7 tentacles (Shoals:2)
4910 creatures vanquished.

Vanquished Creatures (collateral kills)
  An orb of fire (Zot:5)
  4 greater mummies
  A Killer Klown (Zot:5)
  2 Brimstone Fiends (Geh:7)
  A lich (Tomb:2)
  An electric golem (Zot:5)
  An Orb Guardian (Zot:5)
  An Ice Fiend (Coc:7)
  A shadow dragon (Tar:7)
  2 sphinxes (Tomb:1)
  A storm dragon (Zot:5)
  A daeva (Pan)
  A frost giant (Depths:4)
  A black sun (Pan)
  3 cacodemons (Pan)
  A draconian shifter (Zot:1)
  2 reapers (Tar:7)
  An angel (Pan)
  3 stone giants
  3 ophanim (Pan)
  A vampire knight (Crypt:2)
  3 bennus
  A corrupter (Pan)
  A black draconian (Zot:1)
  A spark wasp (Depths:3)
  A green death (Hell)
  2 mummy priests (Tomb:2)
  A yaktaur captain (Depths:5)
  A deep elf high priest (Depths:5)
  3 fire dragons
  A quicksilver dragon zombie (Tomb:3)
  A merfolk impaler (Depths:5)
  An ice dragon (Depths:5)
  A vault guard (Vaults:5)
  A monstrous demonspawn (Pan)
  A two-headed ogre (Vaults:5)
  A hell hog (Geh:4)
  A deep troll shaman (Depths:4)
  A vampire mage (Crypt:2)
  4 sun demons (Pan)
  2 soul eaters
  2 hell knights (Depths:4)
  A large abomination (Pan)
  2 iron trolls (Depths:3)
  3 sixfirhies (Pan)
  A skeletal warrior (Tomb:2)
  A deep troll (Depths:3)
  2 cherubim (Pan)
  A torturous demonspawn (Pan)
  A gelid demonspawn (Pan)
  A deep elf archer (Vaults:2)
  3 necromancers
  2 wizards (Depths:2)
  2 fauns
  A frost giant skeleton (Depths:3)
  2 moths of wrath
  A water nymph (Shoals:1)
  5 orange demons (Pan)
  2 efreet (Pan)
  3 yaktaurs
  A red devil (Pan)
  3 guardian mummies
  A merfolk (Shoals:3)
  An alligator zombie (Coc:7)
  6 flying skulls
  2 golden eyes (Slime:1)
  A black mamba skeleton (Tomb:2)
  2 neqoxecs (Pan)
  3 chaos spawn (Pan)
  An ushabti (Tomb:3)
  A hungry ghost (Tar:7)
  3 hell hounds (Tar:7)
  A necrophage (Tar:7)
  A centaur (Depths:3)
  An iron imp (Dis:7)
  2 hell rats (Hell)
  5 mummies
  2 ball lightnings (Pan)
135 creatures vanquished.

Vanquished Creatures (others)
  2 ancient liches (Tomb:3)
  8 greater mummies
  3 shard shrikes
  Geryon (Hell)
  A golden dragon (Zot:2)
  The ghost of Waammiq the Devastator, a veteran GrEE of Lugonu (Crypt:1)
  6 bone dragons
  6 Tzitzimimeh
  A doom hound (Tar:3)
  A Brimstone Fiend (Pan)
  3 tentacled monstrosities
  6 liches
  8 Hell Sentinels
  3 iron giants
  7 Ice Fiends
  2 deep elf master archers (Elf:3)
  6 Orb Guardians
  2 deep elf blademasters (Elf:3)
  2 acid blobs (Slime:5)
  A titan (Vaults:5)
  2 tentacled starspawn (Abyss:1)
  4 ancient champions
  2 death cobs
  3 Executioners
  An eldritch tentacle (Pan)
  3 shadow dragons (Tar:7)
  The ghost of Qymaymp the Geomancer, an adept GrEE of Vehumet (D:14)
  2 storm dragons
  3 azure jellies (Slime:5)
  4 deep elf sorcerers (Elf:3)
  A revenant (Tomb:2)
  3 vault wardens
  5 fire giants
  5 frost giants
  2 draconian knights
  3 draconian scorchers
  4 iron dragons (Dis:7)
  3 balrugs
  2 emperor scorpions (Spider:4)
  5 warmongers (Pan)
  2 cacodemons (Pan)
  3 ghouls
  4 war gargoyles
  2 ironheart preservers
  12 reapers
  An elemental wellspring (Coc:7)
  4 very ugly things
  A black draconian (Zot:5)
  An entropy weaver (Vaults:3)
  An apis (Pan)
  3 vampire knights
  5 deep elf demonologists (Elf:3)
  5 stone giants
  6 deep elf annihilators (Elf:3)
  3 lorocyprocas (Pan)
  A corrupter (Pan)
  2 purple draconians
  A red draconian (Zot:4)
  3 spark wasps
  2 ettins
  A green death (Dis:7)
  4 blizzard demons
  8 deep elf death magi
  A jiangshi (Crypt:2)
  2 quicksilver dragon zombies
  3 fire dragons
  2 merfolk impalers (Shoals:4)
  4 yaktaur captains
  7 mummy priests
  A crystal guardian (Crypt:3)
  5 great orbs of eyes
  14 vault guards
  2 monstrous demonspawn
  A deep elf high priest (Elf:3)
  A kraken zombie (Coc:7)
  2 hell beasts
  7 ice dragons
  A spriggan air mage (Depths:4)
  2 merfolk avatars
  A death knight (D:13)
  3 hydras
  2 centaur warriors (D:14)
  A catoblepas (D:13)
  3 ogre magi
  6 two-headed ogres
  9 dancing weapons
  An alligator (shapeshifter) (Vaults:5)
  A death yak (Shoals:4)
  2 deep troll shamans (Depths:4)
  2 deep troll earth magi
  3 vampire magi
  6 death scarabs
  3 titan zombies
  2 iron golems (Dis:7)
  10 soul eaters
  3 hell hogs
  9 sun demons
  A shock serpent (Spider:2)
  5 storm dragon zombies
  40 skeletal warriors
  A shadow wraith (Tar:7)
  2 titan skeletons
  A sixfirhy (Pan)
  6 iron trolls
  5 anaconda zombies
  3 golden dragon zombies
  A small abomination (Elf:3)
  A death drake (Tar:7)
  2 sea snakes
  2 flayed ghosts
  A swamp dragon (Shoals:4)
  2 storm dragon skeletons
  A glowing orange brain (Vaults:1)
  A torturous demonspawn (Pan)
  3 gelid demonspawn (Pan)
  An infernal demonspawn (Pan)
  4 deep trolls
  4 shadow demons
  2 ironbrand convokers
  6 phantasmal warriors
  A golden dragon skeleton (Coc:4)
  4 deep elf archers
  12 deep elf magi
  An orc knight (Vaults:1)
  3 harpies
  6 ugly things
  A necromancer (Depths:3)
  6 iron dragon zombies
  3 wolf spiders
  4 fire giant zombies
  A shadow dragon skeleton (Coc:6)
  2 stone giant zombies
  A cyclops (D:13)
  3 fauns (Shoals:2)
  3 frost giant zombies
  A manticore (shapeshifter) (Depths:1)
  5 manticores
  A salamander (Depths:4)
  6 elephants
  3 iron dragon skeletons
  A merfolk siren (Shoals:4)
  2 dire elephant zombies
  3 frost giant skeletons
  A black mamba (shapeshifter) (Vaults:4)
  6 stone giant skeletons
  A tengu skeleton (Vaults:3)
  4 vault sentinels
  2 ice statues (IceCv)
  2 centaur zombies
  A smoke demon (Pan)
  A water nymph (Shoals:3)
  A black mamba (Lair:5)
  6 rust devils
  2 elf zombies (Depths:1)
  3 torpor snails
  6 orange demons
  3 eyes of devastation
  A spiny frog (Lair:6)
  An emperor scorpion zombie (Coc:5)
  A dire elephant skeleton (Pan)
  A kobold demonologist (D:13)
  A rime drake (Lair:6)
  9 tormentors
  9 yaktaurs
  6 hydra zombies
  8 ice devils
  8 demonic crawlers
  A catoblepas skeleton (Coc:2)
  12 freezing wraiths
  10 guardian mummies
  2 silent spectres (Tar:7)
  An efreet (Pan)
  4 komodo dragons
  4 hellwings (Pan)
  7 merfolk
  8 jumping spiders
  A red devil (Pan)
  A hornet (Vaults:2)
  2 meliai
  A harpy skeleton (Coc:5)
  2 polar bears
  23 slime creatures
  2 hydra skeletons
  2 ettin zombies
  2 alligator zombies
  A hippogriff (Shoals:4)
  2 ice dragon zombies
  A fire dragon zombie (Coc:4)
  5 large abominations
  A snapping turtle (Shoals:2)
  A vampire (D:15)
  A black mamba zombie (Tar:2)
  23 flying skulls
  3 tarantellas
  9 redbacks
  2 ice dragon skeletons
  3 ettin skeletons
  3 fire dragon skeletons
  2 ynoxinuls (Pan)
  14 ushabtiu
  7 water elementals
  4 fire elementals
  2 wraiths
  2 humans
  2 yaks (Lair:5)
  A basilisk (Lair:4)
  A hog (shapeshifter) (Depths:4)
  3 chaos spawn (Pan)
  A golden eye (Abyss:1)
  2 hungry ghosts
  A neqoxec (Pan)
  2 spatial vortices
  A merfolk zombie (Crypt:1)
  A warg (Orc:2)
  5 hell hounds
  2 spiny frog zombies
  2 manticore zombies
  6 orc warriors
  An ice beast (Coc:3)
  A spiny frog skeleton (Coc:5)
  4 starcursed masses (Abyss:1)
  6 ogres
  A swamp dragon zombie (Coc:7)
  An eye of draining (Slime:3)
  A manticore skeleton (Coc:7)
  A centaur (Depths:1)
  A crocodile (Lair:6)
  A spriggan zombie (Coc:4)
  A killer bee (D:12)
  2 wights
  A hound (D:12)
  A human zombie (Tomb:1)
  2 orc wizards
  7 iron imps
  8 mummies
  A steam dragon zombie (Crypt:1)
  4 white imps
  13 ball lightnings (Pan)
  A quokka (D:14)
  A kobold zombie (Tomb:3)
  A block of ice (Pan)
  A bush (Lair:3)
  4 crawling corpses (Elf:3)
  61 fungi
  69 plants
  70 starspawn tentacles
  18 tentacles (Shoals:2)
1062 creatures vanquished.

Grand Total: 6107 creatures vanquished

Notes
Turn   | Place    | Note
-------+----------+-------------------------------------------
     0 | Abyss:1  | nano the Demonspawn Abyssal Knight began the quest for the
                  | Orb.
     0 | Abyss:1  | Reached XP level 1. HP: 18/18 MP: 2/2
    92 | Abyss:1  | Noticed an efreet
    95 | D:1      | Escaped the Abyss
   211 | D:1      | Reached skill level 1 in Dodging
   472 | D:1      | Reached * piety under Lugonu
   472 | D:1      | Gained mutation: You are partially covered in sharp spines.
                  | [demonic ancestry]
   472 | D:1      | Reached XP level 2. HP: 14/24 MP: 4/4
  1007 | D:2      | Noticed Natasha
  1115 | D:2      | Killed Natasha
  1115 | D:2      | Gained mutation: You have a somewhat thin skeletal
                  | structure. (Dex +2, Stealth) [demonic ancestry]
  1115 | D:2      | Reached XP level 3. HP: 29/29 MP: 5/5
  1313 | D:2      | Found a basalt altar of Yredelemnul.
  1355 | D:2      | Noticed Natasha
  1361 | D:2      | Reached XP level 4. HP: 35/35 MP: 6/6
  1394 | D:2      | Killed Natasha
  1649 | D:2      | Noticed Natasha
  1658 | D:2      | Killed Natasha
  1908 | D:3      | Reached XP level 5. HP: 32/41 MP: 7/7
  2014 | D:3      | Noticed an ogre
  2151 | D:3      | Noticed an eye of draining
  2262 | D:3      | Noticed an eye of draining
  2265 | D:3      | Found a bloodstained altar of Trog.
  2280 | D:3      | Killed an eye of draining
  2291 | D:3      | Killed an eye of draining
  2291 | D:3      | Reached XP level 6. HP: 48/48 MP: 1/9
  2473 | D:3      | Reached ** piety under Lugonu
  3166 | D:4      | Found Gucha's Gadget Boutique.
  3190 | D:3      | Gained mutation: When hurt, damage is shared between your
                  | health and your magic reserves. [demonic ancestry]
  3190 | D:3      | Reached XP level 7. HP: 21/55 MP: 10/10
  3382 | D:4      | Reached skill level 5 in Invocations
  3431 | D:4      | Found Latech's Gadget Emporium.
  3434 | D:4      | Bought a wand of iceblast (10) for 140 gold pieces
  3446 | D:4      | Found Gyimarph's General Store.
  3572 | D:4      | Bought a scroll of identify for 26 gold pieces
  3575 | D:4      | Found a sacrificial altar of Ru.
  3684 | D:4      | Noticed Purgy
  3697 | D:4      | Noticed Purgy
  3697 | D:4      | Purgy changed into Purgy the hog
  3701 | D:4      | Killed Purgy the hog
  3937 | D:4      | Got a transparent dagger
  3938 | D:4      | Identified the +5 dagger of the Skies Above {venom, rF++
                  | rC+} (You found it on level 4 of the Dungeon)
  3970 | D:4      | Noticed Eustachio
  3987 | D:4      | Killed Eustachio
  3987 | D:4      | Reached skill level 1 in Stealth
  4109 | D:4      | Found Qaupunan's Book Shoppe.
  4249 | D:4      | Found Icrujumm's Assorted Antiques.
  4476 | D:5      | Entered Level 5 of the Dungeon
  4483 | D:5      | Reached skill level 1 in Short Blades
  4604 | D:5      | Reached skill level 5 in Fighting
  4604 | D:5      | Gained mutation: You are mostly covered in sharp spines.
                  | [demonic ancestry]
  4604 | D:5      | Reached XP level 8. HP: 44/62 MP: 10/12
  4692 | D:5      | Gained mutation: You are somewhat resistant to further
                  | mutation. [potion of mutation]
  4799 | D:5      | Reached *** piety under Lugonu
  4898 | D:5      | Reached skill level 1 in Evocations
  4971 | D:5      | Found a blossoming altar of Fedhas.
  4976 | D:5      | Found a stormy altar of Qazlal.
  5482 | D:6      | Found a staircase to the Ecumenical Temple.
  6193 | D:7      | Noticed a hippogriff
  6221 | D:6      | Killed a hippogriff
  6221 | D:6      | Reached skill level 1 in Throwing
  6309 | D:7      | Reached XP level 9. HP: 69/69 MP: 13/13
  6941 | D:7      | Reached **** piety under Lugonu
  7012 | D:7      | Noticed Joseph
  7024 | D:7      | Killed Joseph
  7024 | D:7      | Reached skill level 5 in Dodging
  7687 | D:8      | Reached skill level 1 in Shields
  7720 | D:8      | Identified the +6 quarterstaff of Plunder {drain, rElec rC+
                  | Str-3}
  7922 | D:8      | Found an ornate altar of the Wu Jian Council.
  8405 | D:9      | Gained mutation: You have a pair of small horns on your
                  | head. [demonic ancestry]
  8405 | D:9      | Reached XP level 10. HP: 49/77 MP: 7/14
  8633 | D:9      | Got an ancient leather armour
  8659 | D:9      | Identified the +1 leather armour "Pankix" {rElec rN+++
                  | Int+2 Dex-5} (You found it on level 9 of the Dungeon)
  8694 | D:9      | Found a shadowy altar of Dithmenos.
  8786 | D:9      | Noticed Grum
  8797 | D:9      | Reached skill level 5 in Short Blades
  8810 | D:9      | Killed Grum
  9942 | D:10     | Entered Level 10 of the Dungeon
 10736 | D:10     | Got a fading leather armour
 10739 | D:10     | Identified the cursed +1 leather armour of the Hills {rPois
                  | rF- rC+ Slay+2} (You found it on level 10 of the Dungeon)
 10868 | D:10     | Reached skill level 5 in Stealth
 11259 | D:11     | Reached skill level 5 in Evocations
 11304 | D:11     | Killed an unseen horror
 11304 | D:11     | Reached XP level 11. HP: 71/86 MP: 14/16
 11450 | D:11     | Noticed a white ugly thing
 11480 | D:11     | Noticed Erolcha
 11481 | D:11     | Banished Erolcha
 11679 | D:10     | Reached skill level 5 in Shields
 11710 | D:11     | Reached ***** piety under Lugonu
 11919 | D:11     | Found a staircase to the Lair.
 11919 | D:11     | Noticed a death yak
 11920 | D:11     | Noticed a death yak
 11920 | D:11     | Noticed a death yak
 11972 | D:10     | Killed a death yak
 12052 | D:10     | Killed a death yak
 12058 | D:10     | Killed a death yak
 12469 | D:11     | Noticed a brown ugly thing
 12476 | D:11     | Killed a brown ugly thing
 12713 | D:11     | Noticed a two-headed ogre
 12723 | D:11     | Killed a two-headed ogre
 12760 | D:11     | Killed a white ugly thing
 13043 | D:11     | Found a staircase to the Orcish Mines.
 13366 | Lair:1   | Entered Level 1 of the Lair of Beasts
 13424 | Lair:1   | Identified a scroll of acquirement
 13530 | Lair:1   | Found a dark tunnel.
 13570 | Volcano  | Entered a volcano
 13628 | Volcano  | Gained mutation: You have a pair of horns on your head.
                  | [demonic ancestry]
 13628 | Volcano  | Reached XP level 12. HP: 93/95 MP: 15/17
 13636 | Volcano  | Noticed a stone giant
 13639 | Volcano  | Killed a stone giant
 13984 | Lair:1   | Noticed Urug
 13987 | Lair:1   | Killed Urug
 14132 | Lair:1   | Noticed a five-headed hydra
 14142 | Lair:1   | Banished a five-headed hydra
 15467 | Lair:1   | Got crude steam dragon scales
 15538 | Lair:1   | Identified the +3 steam dragon scales of Onabril {*Drain
                  | rC+ MP+9} (You found it on level 1 of the Lair of Beasts)
 15964 | Lair:2   | Noticed Nergalle
 15972 | Lair:2   | Killed Nergalle
 15982 | Lair:2   | Reached skill level 10 in Fighting
 17115 | Lair:3   | Reached skill level 5 in Armour
 17120 | Lair:3   | Gained mutation: You have a moderately thin skeletal
                  | structure. (Dex +4, Stealth+) [demonic ancestry]
 17120 | Lair:3   | Reached XP level 13. HP: 92/103 MP: 18/18
 17732 | Lair:3   | Noticed Gastronok
 17765 | Lair:3   | Killed Gastronok
 17878 | Lair:3   | Noticed Sonja
 17885 | Lair:3   | Killed Sonja
 18766 | Lair:4   | Found a hole to the Spider Nest.
 19023 | Lair:4   | Found a staircase to the Shoals.
 19399 | Lair:4   | Reached ****** piety under Lugonu
 19564 | Lair:4   | Identified a +4 rapier of distortion (a +2 rapier of speed
                  | corrupted by Lugonu)
 19564 | Lair:4   | Received a gift from Lugonu
 19603 | Lair:4   | Noticed a dire elephant
 20031 | Lair:4   | Banished a dire elephant
 20205 | Lair:5   | Gained mutation: You have a pair of large horns on your
                  | head. [demonic ancestry]
 20205 | Lair:5   | Reached XP level 14. HP: 113/113 MP: 20/20
 20421 | Lair:5   | Reached skill level 10 in Short Blades
 20620 | Lair:5   | Upgraded the game from 0.25-b1-37-g2669288c55 to
                  | 0.25-b1-38-g32f9adbbe0
 20914 | Lair:5   | Found a viscous altar of Jiyva.
 20914 | Lair:5   | Found a staircase to the Slime Pits.
 21129 | Lair:6   | Entered Level 6 of the Lair of Beasts
 21911 | Lair:6   | Got an encrusted great sword
 21925 | Lair:6   | Identified the +11 great sword of Saltpetre {flame, rElec
                  | rF- Int+8 Stlth-} (You found it on level 6 of the Lair of
                  | Beasts)
 22581 | Lair:6   | Found a burning altar of Makhleb.
 22697 | Lair:6   | Found a gateway to Hell.
 23563 | Orc:1    | Entered Level 1 of the Orcish Mines
 24039 | Orc:2    | Entered Level 2 of the Orcish Mines
 24091 | Orc:2    | Found a staircase to the Elven Halls.
 24393 | Orc:2    | Gained mutation: You are robust. (+10% HP) [demonic
                  | ancestry]
 24393 | Orc:2    | Reached XP level 15. HP: 77/134 MP: 19/21
 24600 | Orc:2    | Found Hyqol's Jewellery Shop.
 25134 | Orc:2    | Found Wuxawis's Antique Weapon Shop.
 25134 | Orc:2    | Found Zecsia's Armour Emporium.
 25135 | Orc:2    | Found Apotur's Armour Emporium.
 25135 | Orc:2    | Found Uhaefusu's Antique Armour Boutique.
 25143 | Orc:2    | Bought a scarf of invisibility for 204 gold pieces
 25144 | Orc:2    | Bought a glowing cloak for 217 gold pieces
 25144 | Orc:2    | Bought a pair of embroidered gloves for 217 gold pieces
 25252 | Orc:2    | Bought a glowing rapier for 210 gold pieces
 25875 | D:12     | Learned a level 1 spell: Apportation
 25877 | D:12     | Learned a level 1 spell: Summon Butterflies
 25880 | D:12     | Learned a level 2 spell: Swiftness
 26534 | D:12     | Got a twisted war axe
 26535 | D:12     | Identified the cursed +2 war axe "Zameiby" {drain, Int+5}
                  | (You found it on level 12 of the Dungeon)
 26941 | D:13     | Learned a level 2 spell: Blink
 27807 | D:13     | Found a gate to the Vaults.
 28448 | D:14     | Found a large runed translucent door.
 28459 | D:14     | Found a large runed translucent door.
 28459 | D:14     | Noticed Qymaymp's ghost (adept GrEE)
 28501 | D:14     | Found the +8 demon trident "Rift" {distort, reach+}
 28738 | D:14     | Reached skill level 1 in Polearms
 28936 | D:14     | Found a white marble altar of Elyvilon.
 29029 | D:15     | Entered Level 15 of the Dungeon
 29211 | D:15     | Found a frozen archway.
 29223 | D:15     | Noticed Azrael
 29242 | D:15     | Banished Azrael
 29261 | D:15     | Reached XP level 16. HP: 146/146 MP: 23/23
 29469 | IceCv    | Entered an ice cave
 29499 | IceCv    | Reached skill level 10 in Invocations
 30069 | D:15     | Found a staircase to the Depths.
 30647 | Elf:1    | Entered Level 1 of the Elven Halls
 30647 | Elf:1    | Found a runed translucent gate.
 30647 | Elf:1    | Found a runed translucent gate.
 30647 | Elf:1    | Found a runed translucent gate.
 30647 | Elf:1    | Found the +2 hat of the Bear Spirit {Spirit, +Rage rN+
                  | MR++}
 30648 | Elf:1    | Found an iron altar of Okawaru.
 30648 | Elf:1    | Noticed Yakesh's ghost (adept MiFi)
 30742 | Elf:1    | Reached skill level 15 in Fighting
 31014 | Elf:1    | Identified Logiju's Incunabulum of Attacks
 31807 | Elf:1    | Reached skill level 10 in Dodging
 32009 | Elf:1    | Reached skill level 10 in Shields
 32485 | Elf:1    | Killed Yakesh's ghost
 32519 | Elf:1    | Got a steaming ring mail
 32689 | D:13     | Identified the +3 ring mail "Enou" {Int+3 Slay+3} (You
                  | found it on level 1 of the Elven Halls)
 33052 | Elf:3    | Entered Level 3 of the Elven Halls
 33281 | Elf:2    | Got a distressingly furry cloak
 33287 | Elf:2    | Identified the +2 cloak of the Lizard {Harm rF+ MR- SInv}
                  | (You found it on level 2 of the Elven Halls)
 33418 | Elf:2    | Found a runed translucent gate.
 33418 | Elf:2    | Found a runed translucent gate.
 33418 | Elf:2    | Found a runed translucent gate.
 33474 | Elf:2    | Reached XP level 17. HP: 156/156 MP: 24/24
 33781 | Elf:2    | Noticed Nikola
 33799 | Elf:2    | Banished Nikola
 34586 | Elf:3    | Found Efuip's Antique Weapon Shoppe.
 34938 | Elf:3    | Corrupted Elf:3
 34938 | Elf:3    | Noticed a lich
 34940 | Elf:3    | Noticed an Ice Fiend
 34949 | Elf:3    | Noticed a deep elf master archer
 34949 | Elf:3    | Killed a deep elf master archer
 34949 | Elf:3    | Noticed a deep elf blademaster
 34951 | Elf:3    | Killed a deep elf blademaster
 34962 | Elf:3    | Noticed a deep elf master archer
 34963 | Elf:3    | Noticed a deep elf blademaster
 34966 | Elf:3    | Killed a deep elf blademaster
 34979 | Elf:3    | Killed a deep elf master archer
 35083 | Elf:3    | Identified the ring "Biybudes" {rF+ rC+ Int+2} (You found
                  | it on level 3 of the Elven Halls)
 35142 | Elf:3    | Got a polished spear
 35143 | Elf:3    | Identified the +8 spear of Alaff {speed, rElec rPois Int+4
                  | SInv} (You found it on level 3 of the Elven Halls)
 35176 | Elf:3    | Identified the +11 morningstar "Itoeross" {freeze, +Fly
                  | Str+4 Stlth+} (You found it on level 3 of the Elven Halls)
 35333 | Elf:3    | Got a buzzing hand crossbow
 35334 | Elf:3    | Identified the +7 hand crossbow "Tuahov" {venom, rPois}
                  | (You found it on level 3 of the Elven Halls)
 36466 | Spider:1 | Entered Level 1 of the Spider Nest
 36519 | Spider:1 | Noticed Donald
 36561 | Lair:4   | Killed Donald
 37291 | Spider:1 | Reached skill level 10 in Stealth
 37424 | Spider:2 | Noticed Arachne
 37455 | Spider:2 | Banished Arachne
 37858 | Spider:2 | Got a steaming whip
 37859 | Spider:2 | Identified the +9 whip of Law {drain, *Rage rElec rF+
                  | Dex+4} (You found it on level 2 of the Spider Nest)
 37910 | Spider:2 | Gained mutation: You regenerate magic rapidly. [demonic
                  | ancestry]
 37910 | Spider:2 | Reached XP level 18. HP: 168/168 MP: 25/25
 38009 | Spider:2 | Got a masterwork morningstar
 38010 | Spider:2 | Identified the +9 morningstar of Karma {flame, rF++ MP-9
                  | Dex+2 Stlth+} (You found it on level 2 of the Spider Nest)
 38587 | Spider:3 | Noticed Agnes
 38597 | Spider:3 | Killed Agnes
 38755 | Spider:3 | Noticed Aizul
 38767 | Spider:3 | Banished Aizul
 39061 | Spider:4 | Entered Level 4 of the Spider Nest
 40396 | Spider:4 | Got a gossamer rune of Zot
 40526 | Shoals:1 | Entered Level 1 of the Shoals
 40610 | Shoals:1 | Found a sacrificial altar of Ru.
 40629 | Shoals:1 | Reached skill level 15 in Stealth
 40953 | Shoals:1 | Found a flickering gateway to a bazaar.
 41252 | Shoals:2 | Got a slimy ring mail
 41292 | Bazaar   | Entered a bazaar
 41298 | Bazaar   | Found Rusyc's Jewellery Shop.
 41298 | Bazaar   | Found Goviodin's Magic Scroll Boutique.
 41323 | Bazaar   | Bought a scroll of enchant armour for 82 gold pieces
 41324 | Bazaar   | Bought 3 scrolls of fog for 66 gold pieces
 41324 | Bazaar   | Bought 2 scrolls of silence for 165 gold pieces
 41324 | Bazaar   | Bought a scroll of teleportation for 33 gold pieces
 41324 | Bazaar   | Bought a scroll of teleportation for 33 gold pieces
 41324 | Bazaar   | Bought a scroll of vulnerability for 82 gold pieces
 41324 | Bazaar   | Bought a scroll of vulnerability for 82 gold pieces
 41324 | Bazaar   | Bought a scroll of brand weapon for 220 gold pieces
 41324 | Bazaar   | Bought a scroll of identify for 22 gold pieces
 41324 | Bazaar   | Bought a scroll of enchant weapon for 82 gold pieces
 41326 | Bazaar   | Bought the ring of Kinisax {Fire rN++} for 595 gold pieces
 41357 | Shoals:1 | Identified the cursed +0 ring mail of Idochaeledgh {Int+3}
                  | (You found it on level 2 of the Shoals)
 42077 | Shoals:2 | Identified Roxanne's Incunabulum of Earth
 42077 | Shoals:2 | Noticed Roxanne
 42152 | Shoals:2 | Gained mutation: You are very robust. (+20% HP) [demonic
                  | ancestry]
 42152 | Shoals:2 | Reached XP level 19. HP: 160/193 MP: 26/26
 42769 | Shoals:3 | Identified the cursed +1 short sword of Execution {elec,
                  | Str+3 Dex+2} (You found it on level 3 of the Shoals)
 43173 | Shoals:3 | Noticed Ilsuiw
 43299 | Shoals:4 | Entered Level 4 of the Shoals
 43309 | Shoals:4 | Noticed Polyphemus
 43324 | Shoals:4 | Killed Polyphemus
 43562 | Shoals:3 | Cast into level 2 of the Abyss (merfolk impaler)
 43634 | Shoals:3 | Escaped the Abyss
 43635 | Shoals:3 | Upgraded the game from 0.25-b1-38-g32f9adbbe0 to
                  | 0.25-b1-41-g19641232cd
 43654 | Shoals:3 | Banished Ilsuiw
 43904 | Shoals:4 | Noticed Kirke
 44159 | Shoals:4 | Identified the +7 chain mail "Furommoh" {rN+}
 44212 | Shoals:4 | Found a sparkling altar of Nemelex Xobeh.
 44604 | Shoals:4 | Got a barnacled rune of Zot
 44734 | Shoals:4 | Reached skill level 10 in Evocations
 44767 | Shoals:4 | Killed Kirke
 44869 | Shoals:4 | Identified the Reference Book on Malediction and the
                  | Compass
 44968 | Shoals:4 | Identified the cursed +1 plate armour of Floral Birdsong
                  | {rElec Slay+3} (You found it on level 4 of the Shoals)
 45331 | Orc:2    | Bought the cursed +0 kite shield of the Salamander {rCorr
                  | Int+3 Dex-5} for 168 gold pieces
 45331 | Orc:2    | Bought a +0 pair of gloves of dexterity for 195 gold pieces
 45635 | Slime:1  | Entered Level 1 of the Pits of Slime
 47360 | Slime:3  | Gained mutation: When low on magic, you restore magic in
                  | place of health. [demonic ancestry]
 47360 | Slime:3  | Reached XP level 20. HP: 206/206 MP: 28/28
 47503 | Slime:2  | Paralysed by a floating eye for 2 turns
 47507 | Slime:2  | Paralysed by a floating eye for 3 turns
 47662 | Slime:2  | Paralysed by a floating eye for 2 turns
 48920 | Slime:3  | You fall into a shaft and drop 1 floor!
 49268 | Slime:5  | Entered Level 5 of the Pits of Slime
 49504 | Slime:5  | Noticed the Royal Jelly
 49970 | Slime:5  | Paralysed by a great orb of eyes for 7 turns
 50134 | Slime:5  | Found a viscous altar of Jiyva.
 50136 | Slime:5  | Found the ring of Robustness {AC+8}
 50400 | Slime:5  | Killed the Royal Jelly
 50452 | Slime:5  | Reached skill level 15 in Shields
 50603 | Slime:5  | Got a slimy steel ring
 50607 | Slime:5  | Identified the ring "Vyeneu" {Str+4 Slay+4} (You found it
                  | on level 5 of the Pits of Slime)
 50651 | Slime:5  | Got a heavily runed scale mail
 50652 | Slime:5  | Identified the +5 scale mail "Jaywnana" {rC+ Str+3 Dex+7}
                  | (You found it on level 5 of the Pits of Slime)
 50679 | Slime:5  | Identified the Incunabulum of Supportive Sinister Arts
 50686 | Slime:5  | Got a slimy rune of Zot
 50771 | Slime:5  | Reached XP level 21. HP: 216/216 MP: 30/30
 51308 | Vaults:1 | Entered Level 1 of the Vaults
 51924 | Vaults:1 | Found Hoanam's Jewellery Emporium.
 51978 | Vaults:1 | Reached skill level 10 in Armour
 51978 | Vaults:1 | Gained mutation: You have an unnaturally thin skeletal
                  | structure. (Dex +6, Stealth++) [demonic ancestry]
 51978 | Vaults:1 | Reached XP level 22. HP: 224/224 MP: 31/31
 52801 | Vaults:1 | Got an ancient plate armour
 52902 | Vaults:1 | Identified the +6 plate armour of a sewer {rPois rC+
                  | Stlth+} (You found it on level 1 of the Vaults)
 53079 | Vaults:2 | Found Fopsimit's Antique Weapon Shop.
 53357 | Vaults:2 | Found Ora Hism's Assorted Antiques.
 53380 | Vaults:2 | Bought a curved bone wand for 120 gold pieces
 53634 | Vaults:2 | Found Bekelari's Jewellery Shoppe.
 53797 | Vaults:2 | Found a staircase to the Crypt.
 53913 | Vaults:2 | Found Uvist's Book Boutique.
 54670 | Vaults:3 | Found Roemibbu's Gadget Emporium.
 55532 | Vaults:4 | Found Bepruh's Food Shoppe.
 55583 | Vaults:4 | Identified the ring of Sirellim {AC+4 Str+5} (You found it
                  | on level 4 of the Vaults)
 55862 | Vaults:4 | Reached skill level 15 in Evocations
 57126 | Vaults:4 | Reached XP level 23. HP: 211/234 MP: 30/34
 57319 | Vaults:4 | Got an encrusted falchion
 57320 | Vaults:4 | Identified the +5 falchion of the Maze {freeze, +Inv rPois
                  | Str-5} (You found it on level 4 of the Vaults)
 57555 | Depths:1 | Entered Level 1 of the Depths
 57567 | Depths:1 | Found a one-way gate to the infinite horrors of the Abyss.
 57670 | Depths:1 | Found Vizan's Distillery.
 57680 | Depths:1 | Bought a potion of heal wounds for 65 gold pieces
 57680 | Depths:1 | Bought a potion of heal wounds for 65 gold pieces
 57680 | Depths:1 | Bought a potion of berserk rage for 65 gold pieces
 57680 | Depths:1 | Bought a potion of might for 52 gold pieces
 57680 | Depths:1 | Bought a potion of heal wounds for 65 gold pieces
 57680 | Depths:1 | Bought a potion of curing for 39 gold pieces
 57680 | Depths:1 | Bought a potion of curing for 39 gold pieces
 57996 | Vaults:5 | Entered Level 5 of the Vaults
 58046 | Vaults:5 | Noticed an ancient lich
 58052 | Vaults:5 | Cast into level 5 of the Abyss (an ancient lich)
 58052 | Abyss:5  | Entered Level 5 of the Abyss
 58052 | Abyss:5  | Found a corrupted altar of Lugonu.
 58061 | Abyss:5  | Found a corrupted altar of Lugonu.
 58286 | Abyss:5  | Paralysed by accursed screaming for 1 turns
 58604 | Abyss:5  | Got an abyssal rune of Zot
 58785 | Vaults:5 | Escaped the Abyss
 58795 | Vaults:5 | Banished an ancient lich
 58799 | Vaults:5 | Corrupted Vaults:5
 58881 | Vaults:5 | Identified the +6 war axe "Zogets" {antimagic, rC+ Dex+3
                  | Stlth+}
 58960 | Vaults:5 | Identified the Papyrus of Virous Weightlessness
 59716 | Vaults:5 | Reached XP level 24. HP: 162/247 MP: 28/35
 59787 | Vaults:5 | Identified the +2 morningstar of the Twisting Oracle
                  | {drain, Str+4 Dex+2}
 59793 | Vaults:5 | Noticed an ancient lich
 60081 | Vaults:5 | Got a silver rune of Zot
 60303 | Vaults:5 | Killed an ancient lich
 60757 | Vaults:5 | Identified the Volume of the Voyage and Attacks
 62358 | Depths:1 | Found the +9 sword of Zonguldrok {reap}
 62910 | Depths:2 | Found a one-way gate leading to the halls of Pandemonium.
 63111 | Depths:2 | Reached skill level 5 in Long Blades
 63581 | Depths:2 | Found Xineset's Gadget Shoppe.
 63608 | Depths:2 | Bought a box of beasts for 300 gold pieces
 63608 | Depths:2 | Bought a wand of acid (14) for 540 gold pieces
 63608 | Depths:2 | Bought a wand of iceblast (13) for 255 gold pieces
 63713 | Depths:2 | You fall into a shaft and drop 1 floor!
 63728 | Depths:3 | Gained mutation: You are completely covered in sharp
                  | spines. [demonic ancestry]
 63728 | Depths:3 | Reached XP level 25. HP: 256/256 MP: 35/35
 64151 | Depths:3 | Corrupted Depths:3
 64441 | Depths:3 | Identified the Incunabulum of Bewitching Translocation
 64443 | Depths:3 | Identified Ikalo's Grimoire of Mutagenic Boosts
 65419 | Depths:2 | Found Quosadud's Gadget Shop.
 65420 | Depths:2 | Found Fas Ets's Jewellery Emporium.
 65421 | Depths:2 | Found Wayduuq's Gadget Shop.
 65433 | Depths:2 | Bought a box of beasts for 300 gold pieces
 65436 | Depths:2 | Bought the amulet of Ythric {Acrobat rElec rPois rN+ Int+4}
                  | for 1094 gold pieces
 65580 | Depths:4 | Corrupted Depths:4
 65588 | Depths:4 | Reached skill level 10 in Long Blades
 66542 | Depths:4 | Identified the ring of the Fool {rPois Str+5 Int+5 Dex-3}
                  | (You found it on level 4 of the Depths)
 66924 | Depths:5 | Entered Level 5 of the Depths
 66924 | Depths:5 | Found a gateway to a ziggurat.
 67922 | Depths:5 | Noticed Frederick
 67928 | Depths:5 | Killed Frederick
 67985 | Depths:5 | Found Keomem's Food Shoppe.
 68025 | Depths:5 | Found a shimmering altar of Xom.
 68062 | Depths:5 | Paralysed by a great orb of eyes for 3 turns
 68327 | Depths:5 | Found a gate to the Realm of Zot.
 68672 | Hell     | Entered the Vestibule of Hell
 68672 | Hell     | Noticed Geryon
 68682 | Hell     | Corrupted Hell
 68719 | Hell     | Killed Geryon
 69040 | Hell     | Gained mutation: You are extremely robust. (+30% HP)
                  | [demonic ancestry]
 69040 | Hell     | Reached XP level 26. HP: 225/288 MP: 32/35
 69721 | Hell     | Found a gateway to the freezing wastes of Cocytus.
 69931 | Hell     | Found a gateway to the Iron City of Dis.
 70200 | Hell     | Found a gateway to the ashen valley of Gehenna.
 70254 | Hell     | Found a gateway to the decaying netherworld of Tartarus.
 70643 | D:14     | Banished Qymaymp's ghost
 70824 | Lair:1   | Identified the Handbook of Assistive Toxins
 70983 | Shoals:2 | Killed Roxanne
 70997 | Shoals:2 | Learned a level 6 spell: Statue Form
 71004 | Shoals:2 | Learned a level 6 spell: Shadow Creatures
 71315 | Crypt:1  | Entered Level 1 of the Crypt
 71431 | Crypt:1  | Found a runed translucent door.
 71431 | Crypt:1  | Noticed Waammiq's ghost (veteran GrEE)
 71451 | Crypt:1  | Found the +2 ratskin cloak {+Rats rPois rN+ Str-1 Int-1
                  | Dex+1}
 72252 | Crypt:1  | Banished Waammiq's ghost
 73376 | Crypt:2  | Reached skill level 15 in Armour
 73389 | Crypt:2  | Paralysed by something for 7 turns
 74044 | Crypt:3  | Entered Level 3 of the Crypt
 74578 | Crypt:3  | Noticed Margery
 74588 | Crypt:3  | Killed Margery
 74626 | Crypt:3  | Found a staircase to the Tomb.
 74670 | Crypt:3  | Noticed an ancient lich
 74676 | Crypt:3  | Paralysed by an ancient lich for 5 turns
 74683 | Crypt:3  | Killed an ancient lich
 74750 | Crypt:3  | Found a basalt altar of Yredelemnul.
 74770 | Crypt:3  | Identified Kikubaaqudgha's Catalogue of Evil
 75084 | Crypt:3  | Got a clouded tin amulet
 75139 | Crypt:3  | Identified the amulet "Diyculla" {Inacc rF+ Str-4 Int+6
                  | Dex+10} (You found it on level 3 of the Crypt)
 75524 | Tomb:1   | Entered Level 1 of the Tomb of the Ancients
 75787 | Tomb:1   | Paralysed by a sphinx for 6 turns
 75828 | Tomb:1   | Reached XP level 27. HP: 185/296 MP: 34/35
 76206 | Tomb:1   | Noticed a greater mummy
 76256 | Tomb:1   | Noticed a greater mummy
 76262 | Tomb:1   | Banished a greater mummy
 76703 | Tomb:1   | Killed a greater mummy
 77972 | Zot:1    | Entered Level 1 of the Realm of Zot
 78847 | D:4      | Bought a runed crystal plate armour for 2075 gold pieces
 80849 | Zot:2    | Noticed an orb of fire
 81127 | Zot:5    | Entered Level 5 of the Realm of Zot
 81492 | Zot:4    | Got a bloodstained dagger
 81655 | Zot:4    | Identified the +7 dagger "Noahoad" {vamp, Int+2} (You found
                  | it on level 4 of the Realm of Zot)
 83091 | Zot:2    | Killed an orb of fire
 84780 | Zot:5    | Corrupted Zot:5
 84834 | Zot:5    | Noticed an ancient lich
 84844 | Zot:5    | Noticed an orb of fire
 84918 | Zot:5    | Killed an orb of fire
 84927 | Zot:5    | Killed an ancient lich
 85044 | Zot:5    | Noticed an orb of fire
 85065 | Zot:5    | Killed an orb of fire
 85418 | Zot:5    | Noticed an ancient lich
 85584 | Zot:5    | Killed an ancient lich
 86432 | Zot:5    | Noticed an ancient lich
 86876 | Zot:5    | Killed an ancient lich
 86982 | Zot:5    | Noticed an orb of fire
 87554 | Abyss:1  | Found a basalt altar of Yredelemnul.
 87627 | Abyss:1  | Paralysed by accursed screaming for 1 turns
 87634 | Abyss:1  | Paralysed by accursed screaming for 1 turns
 87655 | Abyss:1  | Paralysed by accursed screaming for 1 turns
 87680 | Abyss:1  | Killed Nikola
 87921 | Zot:5    | Escaped the Abyss
 88195 | Zot:5    | Gained mutation: Your spells are a little easier to cast,
                  | but a little less powerful. [an orb of fire]
 88196 | Zot:5    | Gained mutation: You occasionally shout uncontrollably at
                  | your foes. [an orb of fire]
 88216 | Zot:5    | Gained mutation: Your spells are easier to cast, but less
                  | powerful. [an orb of fire]
 88220 | Zot:5    | Killed an orb of fire
 88952 | Zot:5    | Got a silken robe
 88965 | Zot:5    | Identified the cursed +0 robe of Dorapsof {rC+ rCorr
                  | Stlth+} (You found it on level 5 of the Realm of Zot)
 89167 | Zot:1    | Lost mutation: You occasionally shout uncontrollably at
                  | your foes. [potion of mutation]
 89167 | Zot:1    | Lost mutation: Your spells are easier to cast, but less
                  | powerful. [potion of mutation]
 89167 | Zot:1    | Lost mutation: Your spells are a little easier to cast, but
                  | a little less powerful. [potion of mutation]
 89248 | Zot:5    | Upgraded the game from 0.25-b1-41-g19641232cd to
                  | 0.25-b1-46-gb8a1ec05df
 90170 | D:4      | Bought a potion of cancellation for 200 gold pieces
 90170 | D:4      | Bought a scroll of remove curse for 75 gold pieces
 90170 | D:4      | Bought a potion of might for 100 gold pieces
 90493 | Pan      | Entered Pandemonium
 90790 | Pan      | Noticed Ynufedd the pandemonium lord
 90867 | Pan      | Banished Ynufedd the pandemonium lord
 91178 | Pan      | Noticed Qoge the pandemonium lord
 92060 | Pan      | Killed Qoge the pandemonium lord
 92242 | Pan      | Gained mutation: You are clumsy. (Dex -2) [a cacodemon]
 92244 | Pan      | Gained mutation: You are very clumsy. (Dex -4) [a
                  | cacodemon]
 92282 | Pan      | Reached skill level 15 in Dodging
 92387 | Pan      | Lost mutation: You are somewhat resistant to further
                  | mutation. [potion of mutation]
 92387 | Pan      | Lost mutation: You are very clumsy. (Dex -4) [potion of
                  | mutation]
 92387 | Pan      | Lost mutation: You are clumsy. (Dex -2) [potion of
                  | mutation]
 92387 | Pan      | Gained mutation: Your spells are a little harder to cast,
                  | but a little more powerful. [potion of mutation]
 92387 | Pan      | Gained mutation: You possess an exceptional clarity of
                  | mind. [potion of mutation]
 92387 | Pan      | Gained mutation: You expend magic power (3 MP) to
                  | strengthen your wands. [potion of mutation]
 92392 | Pan      | Noticed Jinnequmm the pandemonium lord
 92415 | Pan      | Killed Jinnequmm the pandemonium lord
 92768 | Pan      | Found an exit through the horrors of the Abyss.
 92931 | Pan      | Noticed Ypsy Nuw the pandemonium lord
 92958 | Pan      | Killed Ypsy Nuw the pandemonium lord
 93127 | Pan      | Noticed Foleghesecw the pandemonium lord
 93143 | Pan      | Paralysed by a floating eye for 2 turns
 93150 | Pan      | Killed Foleghesecw the pandemonium lord
 93986 | Pan      | Noticed Goalap the pandemonium lord
 94024 | Pan      | Killed Goalap the pandemonium lord
 94081 | Pan      | Got a demonic rune of Zot
 94185 | Pan      | Entered the realm of Mnoleg.
 94269 | Pan      | Gained mutation: You are occasionally teleported next to
                  | monsters. [a neqoxec]
 94346 | Pan      | Gained mutation: You are dopey. (Int -2) [a neqoxec]
 94404 | Pan      | Noticed Mnoleg
 94689 | Pan      | Gained mutation: Your body sometimes deteriorates upon
                  | taking damage. [a cacodemon]
 94723 | Pan      | Gained mutation: Scrolls take you a little longer to read.
                  | [a cacodemon]
 94946 | Pan      | Gained mutation: Scrolls take you longer to read. [a
                  | neqoxec]
 95033 | Pan      | Paralysed by a floating eye for 2 turns
 95048 | Pan      | Paralysed by a floating eye for 2 turns
 95059 | Pan      | Killed Mnoleg
 95122 | Pan      | Gained mutation: You are clumsy. (Dex -2) [a cacodemon]
 95135 | Pan      | Gained mutation: Your magical capacity is low. (-10% MP) [a
                  | cacodemon]
 95144 | Pan      | Lost mutation: Your magical capacity is low. (-10% MP)
                  | [potion of mutation]
 95144 | Pan      | Lost mutation: Scrolls take you longer to read. [potion of
                  | mutation]
 95144 | Pan      | Lost mutation: Your body sometimes deteriorates upon taking
                  | damage. [potion of mutation]
 95144 | Pan      | Lost mutation: You are clumsy. (Dex -2) [potion of
                  | mutation]
 95144 | Pan      | Gained mutation: You are weak. (Str -2) [potion of
                  | mutation]
 95144 | Pan      | Gained mutation: You have large cloven feet. [potion of
                  | mutation]
 95148 | Pan      | Lost mutation: You are dopey. (Int -2) [potion of mutation]
 95148 | Pan      | Lost mutation: You are weak. (Str -2) [potion of mutation]
 95148 | Pan      | Lost mutation: Scrolls take you a little longer to read.
                  | [potion of mutation]
 95148 | Pan      | Lost mutation: You are occasionally teleported next to
                  | monsters. [potion of mutation]
 95148 | Pan      | Gained mutation: You are resistant to hostile enchantments.
                  | (MR+) [potion of mutation]
 95148 | Pan      | Lost mutation: You expend magic power (3 MP) to strengthen
                  | your wands. [potion of mutation]
 95148 | Pan      | Gained mutation: Your skin changes colour to match your
                  | surroundings (Stealth+). [potion of mutation]
 95157 | Pan      | Gained mutation: Scrolls take you a little longer to read.
                  | [a cacodemon]
 95193 | Pan      | Got a glowing rune of Zot
 95388 | Pan      | Noticed Duriul the pandemonium lord
 95896 | Pan      | Noticed Vojuy the pandemonium lord
 96066 | Pan      | Found an exit through the horrors of the Abyss.
 96664 | Pan      | Identified the +4 ring mail of the Grand Slorg {rPois} (You
                  | found it in Pandemonium)
 96937 | Pan      | Found a white marble altar of Elyvilon.
 97114 | Pan      | Reached skill level 15 in Invocations
 98064 | Pan      | Found a glowing silver altar of Zin.
 98642 | Pan      | Noticed a seraph
 98656 | Pan      | Killed a seraph
 98743 | Pan      | Identified the +2 chain mail of Recklessness {rN+ Dex+2}
 98743 | Pan      | Identified the ring "Burobilo" {rC+ MR+ AC+4}
 98794 | Pan      | Found a glowing golden altar of the Shining One.
 98818 | Pan      | Got a shimmering ring mail
 98824 | Pan      | Identified the +4 ring mail of Narcissism {rPois} (You
                  | found it in Pandemonium)
 99499 | Pan      | Reached skill level 5 in Throwing
100503 | Pan      | Found a huge runed translucent gate.
100522 | Pan      | Found a huge runed translucent gate.
100525 | Pan      | Found a huge runed translucent gate.
100525 | Pan      | Found a huge runed translucent gate.
100525 | Pan      | Found a huge runed translucent gate.
100525 | Pan      | Found a huge runed translucent gate.
100526 | Pan      | Found a huge runed translucent gate.
100544 | Pan      | Got a fine scale mail
100550 | Pan      | Identified the +4 scale mail "Qaess" {Int+4 Dex+4} (You
                  | found it in Pandemonium)
101066 | Pan      | Noticed Muchunlo the pandemonium lord
101604 | Pan      | Identified the Compendium of Flight
101677 | Pan      | Noticed Zepev the pandemonium lord
101768 | Pan      | Reached skill level 10 in Throwing
102669 | Pan      | Found a huge runed translucent gate.
102669 | Pan      | Found a huge runed translucent gate.
102669 | Pan      | Found a huge runed translucent gate.
102669 | Pan      | Found a huge runed translucent gate.
102669 | Pan      | Found a huge runed translucent gate.
102940 | Pan      | Found a huge runed translucent gate.
102941 | Pan      | Found a huge runed translucent gate.
103770 | Pan      | Noticed Muebruen the pandemonium lord
103793 | Pan      | Found an exit through the horrors of the Abyss.
104908 | Pan      | Entered the realm of Cerebov.
105086 | Pan      | Identified the ring "Qeymet" {rPois MR+ Int+4}
105103 | Pan      | Identified the Incunabulum of Doom
105255 | Pan      | Identified the ring of Pawod {MR+ Dex+4}
105267 | Pan      | Got a translucent quick blade
105270 | Pan      | Identified the +11 quick blade "Zaviapp" {venom, rElec}
                  | (You found it in Pandemonium)
105276 | Pan      | Identified the cursed +2 glaive "Robob" {venom, Str+5 Int-4
                  | Dex+8}
105356 | Pan      | Identified the +6 sword of Cerebov {flame}
105356 | Pan      | Noticed Cerebov
105420 | Pan      | Killed Cerebov
105474 | Pan      | Identified Wydam's Collected Works on Augmentations and
                  | Combat Magic
105496 | Pan      | Got a fiery rune of Zot
105516 | Pan      | Got a sparkling ivory ring
105517 | Pan      | Identified the ring of Curiosity {+Inv +Fly MR+ SInv} (You
                  | found it in Pandemonium)
105537 | Pan      | Got a heavily runed amber ring
105539 | Pan      | Identified the ring "Russij" {rC+++ MR- MP+9 Str-4 Stlth+}
                  | (You found it in Pandemonium)
105880 | Pan      | Found an exit through the horrors of the Abyss.
105921 | Pan      | Noticed Mennas
105943 | Pan      | Killed Mennas
106417 | Pan      | Gained mutation: Armour fits poorly on your strangely
                  | shaped body. [a cacodemon]
106419 | Pan      | Lost mutation: You are resistant to hostile enchantments.
                  | (MR+) [potion of mutation]
106419 | Pan      | Lost mutation: Armour fits poorly on your strangely shaped
                  | body. [potion of mutation]
106419 | Pan      | Gained mutation: You have very sharp teeth. [potion of
                  | mutation]
106419 | Pan      | Lost mutation: Your spells are a little harder to cast, but
                  | a little more powerful. [potion of mutation]
106419 | Pan      | Gained mutation: Your flesh is cold resistant. (rC+)
                  | [potion of mutation]
106471 | Pan      | Found a runed translucent door.
106480 | Pan      | Found a runed translucent door.
106482 | Pan      | Noticed Geffi the pandemonium lord
106830 | Pan      | Found a runed translucent door.
106874 | Pan      | Entered the realm of Lom Lobon.
107004 | Pan      | Noticed Lom Lobon
107027 | Pan      | Killed Lom Lobon
107094 | Pan      | Got a magical rune of Zot
107320 | Pan      | Found an exit through the horrors of the Abyss.
107864 | Pan      | Noticed Vapoaqac the pandemonium lord
107955 | Pan      | Lost mutation: You possess an exceptional clarity of mind.
                  | [a neqoxec]
107969 | Pan      | Gained mutation: Your body sometimes deteriorates upon
                  | taking damage. [a neqoxec]
108085 | Pan      | Banished Vapoaqac the pandemonium lord
108086 | Pan      | Gained mutation: You are weak. (Str -2) [a cacodemon]
108095 | Pan      | Lost mutation: Your body sometimes deteriorates upon taking
                  | damage. [potion of mutation]
108095 | Pan      | Lost mutation: Scrolls take you a little longer to read.
                  | [potion of mutation]
108095 | Pan      | Lost mutation: Your flesh is cold resistant. (rC+) [potion
                  | of mutation]
108095 | Pan      | Gained mutation: You possess an exceptional clarity of
                  | mind. [potion of mutation]
108095 | Pan      | Gained mutation: Your skin blends seamlessly with your
                  | surroundings (Stealth++). [potion of mutation]
108095 | Pan      | Gained mutation: You have extremely sharp teeth. [potion of
                  | mutation]
108210 | Pan      | Entered the realm of Gloorx Vloq.
108640 | Pan      | Noticed Gloorx Vloq
109246 | Pan      | Escaped the Abyss
109279 | Pan      | HP: 10/313 [Executioner[Gloorx Vloq] (12)]
109773 | Pan      | Killed Gloorx Vloq
109810 | Pan      | Got a dark rune of Zot
109914 | Depths:2 | Escaped Pandemonium
112470 | Dis:1    | Entered Level 1 of the Iron City of Dis
112488 | Dis:1    | Gained mutation: Armour fits poorly on your strangely
                  | shaped body. [a cacodemon]
112493 | Dis:1    | Lost mutation: You have large cloven feet. [potion of
                  | mutation]
112493 | Dis:1    | Lost mutation: Armour fits poorly on your strangely shaped
                  | body. [potion of mutation]
112493 | Dis:1    | Lost mutation: You are weak. (Str -2) [potion of mutation]
112493 | Dis:1    | Gained mutation: You are somewhat resistant to further
                  | mutation. [potion of mutation]
112493 | Dis:1    | Gained mutation: Your mind is acute. (Int +2) [potion of
                  | mutation]
112549 | Geh:1    | Entered Level 1 of Gehenna
116626 | Geh:7    | Entered Level 7 of Gehenna
117693 | Geh:7    | Identified the +5 spear of Amoulyts {speed, Dex+4}
117859 | Geh:7    | Identified the +7 sceptre of Asmodeus
117859 | Geh:7    | Noticed Asmodeus
117957 | Abyss:1  | Killed Azrael
118265 | Geh:7    | Escaped the Abyss
118598 | Geh:7    | Killed Asmodeus
118606 | Geh:7    | Got an obsidian rune of Zot
118970 | Tar:1    | Entered Level 1 of Tartarus
119700 | Tar:2    | Reached skill level 27 in Fighting
121224 | Hell     | Escaped the Abyss
121235 | Hell     | Reached skill level 27 in Armour
122855 | Tar:7    | Entered Level 7 of Tartarus
123081 | Tar:7    | Got a polished flail
123204 | Tar:7    | Noticed Ereshkigal
123306 | Tar:7    | Reached skill level 27 in Shields
123395 | Tar:7    | Got faintly glowing pearl dragon scales
123407 | Tar:7    | Identified the +11 pearl dragon scales of Boredom {rN+
                  | Int+9} (You found it on level 7 of Tartarus)
123506 | Tar:7    | Got a bronze chain mail
123588 | Tar:7    | Identified The Arcane Arts for Neophytes
123621 | Abyss:1  | Killed Arachne
123628 | Abyss:1  | Killed Erolcha
124065 | Tar:7    | Escaped the Abyss
124735 | Tar:7    | Banished Ereshkigal
124781 | Tar:7    | Got a bone rune of Zot
124955 | Tar:7    | Reached skill level 1 in Spellcasting
125616 | Tar:7    | Noticed an ancient lich
125623 | Tar:7    | Killed an ancient lich
125663 | Tar:7    | Got a slimy leather armour
125672 | Tar:7    | Got a faintly glowing marble ring
125674 | Tar:7    | Identified the ring of Fefisoupn {rF+ AC+4} (You found it
                  | on level 7 of Tartarus)
126184 | Spider:1 | Identified the +1 leather armour "Siosouc" {rN+ Str+4} (You
                  | found it on level 7 of Tartarus)
126188 | Spider:1 | Identified the +1 chain mail of Bafas {-Tele rElec rC+
                  | MR++} (You found it on level 7 of Tartarus)
126920 | Dis:3    | Reached skill level 1 in Earth Magic
126954 | Dis:3    | Reached skill level 1 in Transmutations
127517 | Dis:5    | You are sucked into a shaft and drop 1 floor!
127570 | Dis:7    | Entered Level 7 of the Iron City of Dis
127815 | Dis:7    | Reached skill level 15 in Short Blades
128046 | Dis:7    | Reached skill level 5 in Transmutations
128055 | Dis:7    | Reached skill level 5 in Earth Magic
128361 | Dis:7    | Reached skill level 5 in Spellcasting
128847 | Dis:7    | Identified the ring "Fophidos" {+Inv rPois Str+3}
129052 | Dis:7    | Identified Lehudib's Handbook of Dusty Attacks
129195 | Dis:7    | Identified the +4 staff of Dispater
129195 | Dis:7    | Noticed Dispater
129203 | Dis:7    | Banished Dispater
129234 | Dis:7    | Got an iron rune of Zot
129288 | Dis:7    | Got an iridescent hunting sling
129700 | Zot:2    | Identified the +11 hunting sling of Disembowelment {freeze,
                  | rElec rF+ Dex-3} (You found it on level 7 of the Iron City
                  | of Dis)
130224 | Spider:3 | Paralysed by fainting for 12 turns
131072 | Coc:1    | Entered Level 1 of Cocytus
133834 | Coc:3    | Learned a level 5 spell: Borgnjor's Vile Clutch
133853 | Coc:3    | Learned a level 5 spell: Irradiate
133860 | Coc:3    | Learned a level 6 spell: Eringya's Noxious Bog
134478 | Coc:3    | Learned a level 8 spell: Necromutation
134686 | Coc:3    | Reached skill level 1 in Necromancy
134773 | Coc:3    | Reached skill level 1 in Poison Magic
135188 | Coc:4    | Reached skill level 10 in Earth Magic
135326 | Coc:4    | Reached skill level 10 in Transmutations
135374 | Coc:4    | Reached skill level 1 in Conjurations
135992 | Coc:5    | Paralysed by a lich for 4 turns
136252 | Coc:5    | Reached skill level 5 in Necromancy
136378 | Coc:5    | Reached skill level 5 in Poison Magic
137041 | Coc:5    | Reached skill level 10 in Spellcasting
138798 | Coc:7    | Entered Level 7 of Cocytus
138821 | Coc:7    | Reached skill level 10 in Necromancy
139427 | Coc:7    | Got an ancient dagger
139433 | Coc:7    | Identified the +3 dagger of the Wolf {pain, MR+ Int-2
                  | Dex+9} (You found it on level 7 of Cocytus)
139478 | Abyss:1  | Found a corrupted altar of Lugonu.
139481 | Abyss:1  | Found a shattered altar of Ashenzari.
139485 | Coc:7    | Escaped the Abyss
141708 | Coc:7    | Corrupted Coc:7
141739 | Coc:7    | Noticed Antaeus
141920 | Coc:7    | Killed Antaeus
141951 | Coc:7    | Got an icy rune of Zot
142342 | Coc:7    | Reached skill level 15 in Necromancy
142859 | D:4      | Bought a scroll of teleportation for 39 gold pieces
142859 | D:4      | Bought a potion of heal wounds for 65 gold pieces
142859 | D:4      | Bought a potion of curing for 39 gold pieces
142859 | D:4      | Bought a potion of heal wounds for 65 gold pieces
143126 | Depths:1 | Bought a potion of magic for 104 gold pieces
143296 | Zot:1    | Learned a level 8 spell: Borgnjor's Revivification
143968 | Tomb:2   | Noticed an ancient lich
143971 | Tomb:2   | Noticed a greater mummy
144008 | Tomb:2   | Banished an ancient lich
144066 | Tomb:2   | Banished a greater mummy
144289 | Tomb:2   | Noticed a greater mummy
144304 | Tomb:2   | Killed a greater mummy
144307 | Tomb:2   | Noticed a greater mummy
144347 | Tomb:2   | Killed a greater mummy
145118 | Tomb:1   | Noticed a greater mummy
145120 | Tomb:1   | Noticed a greater mummy
145123 | Tomb:1   | Noticed a greater mummy
145128 | Tomb:1   | Banished a greater mummy
145133 | Tomb:1   | Killed a greater mummy
145143 | Tomb:1   | Killed a greater mummy
145166 | Tomb:1   | Noticed a greater mummy
145174 | Tomb:1   | Killed a greater mummy
145589 | Tomb:1   | Noticed a greater mummy
145596 | Tomb:1   | Killed a greater mummy
145607 | Tomb:1   | Noticed a greater mummy
145608 | Tomb:1   | Noticed a greater mummy
145614 | Tomb:1   | Banished a greater mummy
145617 | Tomb:1   | Killed a greater mummy
145962 | Tomb:1   | Noticed a greater mummy
145965 | Tomb:1   | Banished a greater mummy
146001 | Tomb:1   | Noticed a greater mummy
146020 | Tomb:1   | Noticed a greater mummy
146020 | Tomb:1   | Killed a greater mummy
146027 | Tomb:1   | Banished a greater mummy
146265 | Tomb:1   | Noticed a greater mummy
146294 | Tomb:1   | Banished a greater mummy
146871 | Tomb:3   | Entered Level 3 of the Tomb of the Ancients
146898 | Tomb:3   | Found the +7 great mace "Undeadhunter" {disrupt, rN+}
146954 | Tomb:3   | Got a polished rapier
147407 | Tomb:2   | Identified the +6 rapier of Hiosm {freeze, Stlth+} (You
                  | found it on level 3 of the Tomb of the Ancients)
147444 | Tomb:3   | Noticed a greater mummy
147447 | Tomb:3   | Noticed an ancient lich
147450 | Tomb:3   | Noticed a greater mummy
147451 | Tomb:3   | Noticed a greater mummy
147456 | Tomb:3   | Killed a greater mummy
147457 | Tomb:3   | Noticed a greater mummy
147463 | Tomb:3   | Noticed an ancient lich
147473 | Abyss:1  | Found a corrupted altar of Lugonu.
147476 | Abyss:1  | Found a transporter.
147915 | Tomb:3   | Escaped the Abyss
147915 | Tomb:3   | Noticed a greater mummy
147916 | Tomb:3   | Corrupted Tomb:3
147920 | Tomb:3   | Noticed a greater mummy
147920 | Tomb:3   | Noticed a greater mummy
147927 | Tomb:3   | Killed an ancient lich
147956 | Tomb:3   | Killed an ancient lich
147965 | Tomb:3   | Killed a greater mummy
147977 | Tomb:3   | Killed a greater mummy
147986 | Tomb:3   | Killed a greater mummy
147992 | Tomb:3   | Killed a greater mummy
147996 | Tomb:3   | Got a golden rune of Zot
148063 | Tomb:3   | Killed a greater mummy
148153 | Tomb:3   | Killed a greater mummy
148662 | Tomb:3   | Got a warped lapis lazuli ring
148664 | Tomb:3   | Identified the ring of Pefa Hui {+Fly rN++ MR+ Int+3} (You
                  | found it on level 3 of the Tomb of the Ancients)
149043 | Tomb:3   | Got a transparent scale mail
149049 | Tomb:3   | Identified the +4 scale mail "Valiewn" {Str-5 Dex+4 Slay+5}
                  | (You found it on level 3 of the Tomb of the Ancients)
149955 | Zot:5    | Got the Orb of Zot
150128 | Depths:2 | Noticed Gept the pandemonium lord
150647 | D:$      | Escaped with the Orb!

Illustrated notes

Levels and vault maps discovered:
D:1:      minmay_arrival_semitransparent, layout_basic
D:2:      layout_rooms, overflow_temple_1_default, st_stairs_1,
          lemuel_another_geyser, uniq_natasha
D:3:      layout_rooms, trog_eyes_of_draining
D:4:      layout_basic, nicolae_ru_sacrificial_ziggurat, serial_shops,
          nicolae_shop_trees, nicolae_shop_crystal, nicolae_shop_behind_doors,
          nicolae_shop_stone, shop, grunt_ministairs_6, uniq_eustachio,
          uniq_purgy
D:5:      layout_loops_corners, grunt_temple_overflow_forces_of_nature,
          first_ration
D:6:      layout_basic, temple_pool_b
D:7:      layout_loops_ring, grunt_decor_mini_mirrors, the_bakery, uniq_joseph
D:8:      layout_loops_ring, kennysheep_mini
D:9:      layout_big_octagon, basic_altar, fountainhead, minmay_puff, uniq_grum
D:10:     layout_long_grid, corner_web_ring
D:11:     layout_stronghold, dpeg_lair_monsters, erik_orc_2,
          columned_hall_lemuel, uniq_erolcha
D:12:     layout_basic
D:13:     layout_loops_corners, grunt_vaults_entry_tiered, nrook_mini_vaults
D:14:     layout_rooms, ebering_ghost_disaster_area, elyvilon_altar_4,
          chequers_serial_rivers_small_a
D:15:     grunt_enter_depths_hoard, layout_basic, portal_ice_cave_entry_imps,
          minmay_misc_feat_enclosed, grunt_ministairs_7, uniq_azrael
Lair:1:   statuecave_lemuel, layout_layer_cave, enter_volcano_3,
          lemuel_fruit_tree, minmay_lair_oklob_chamber, uniq_urug
Lair:2:   layout_long_grid, uniq_nergalle
Lair:3:   beast_lair_carwin_large_4, layout_layer_cave, serial_bayou_pond_b,
          chequers_serial_rivers_small_b, minmay_holes,
          nicolae_lair_grove_arrangements, uniq_gastronok, uniq_sonja
Lair:4:   mu_elephants_graveyard, layout_hall_layers, elwin_shoals_entry_stream,
          spider_nest_entry_a, kennysheep_basilisk_garden
Lair:5:   layout_small_grid, dpeg_slime_entry_enclosed_altar
Lair:6:   evil_forest, layout_big_grid, grunt_megastairs_5
Shoals:1: layout_shoals, serial_shops, bzr_entry_road, lemuel_oklob_altar
Shoals:2: layout_shoals, nicolae_shoals_kraken_party, uniq_roxanne
Shoals:3: layout_shoals, nicolae_shoals_circle_sea_wall, uniq_ilsuiw
Shoals:4: shoals_end_grunt_ice, layout_shoals, shoals_ilsuiw_ice,
          lemuel_altar_in_water2, uniq_kirke, uniq_polyphemus
Spider:1: layout_spider_delve, uniq_donald
Spider:2: layout_spider_delve, worms_lemuel, uniq_arachne
Spider:3: layout_spider_delve, special_room [special_room_bee], uniq_aizul,
          uniq_agnes
Spider:4: grunt_spider_rune_circles
Slime:1:  cheibrodos_slime_lost_civilization_1, layout_caves
Slime:2:  layout_caves
Slime:3:  layout_caves
Slime:4:  layout_caves
Slime:5
Orc:1:    layout_caves
Orc:2:    st_orc_ogre_mass, layout_caves, serial_shops, nicolae_shop_crystal
Elf:1:    minmay_elf_crystal_square, layout_gridlike,
          gammafunk_ghost_fury_of_okawaru, minmay_elf_annihilation
Elf:2:    layout_geoelf_octagon, st_stairs_4, hangedman_elven_ridges,
          uniq_nikola
Elf:3:    grunt_elf_hall_asides, layout_rooms, serial_shops, shop
Vaults:1: vaults_room_grid, v_misc_23, v_misc_24, nicolae_vaults_shelves_hall,
          nicolae_vaults_minivaults, vaults_standard_mumra_enter_the_diamond,
          hangedman_vaults_river_flow, v_pattern_3,
          nicolae_vaults_mini_display_case, nicolae_vaults_twisting_passages,
          vaults_standard_mumra_x, layout_vaults_big_cross, serial_shops, shop
Vaults:2: grunt_vaults_hallway_short, vaults_mumra_minichess_inversion,
          vaults_dpeg_cross, vaults_dpeg_ring,
          minmay_crypt_entry_simple_corners, vaults_dpeg_hooks,
          nicolae_vaults_asterisk, grunt_vaults_hallway_short,
          nicolae_vaults_little_squares_1, ontoclasm_vaults_fault,
          layout_vaults_big_room, serial_shops,
          nicolae_shop_temple_entry_statues_fountains, nicolae_shop_trees,
          nicolae_shop_competitors_out_of_business, shop
Vaults:3: hangedman_vaults_stream, v_alt_pattern_3, hangedman_vaults_hat,
          nicolae_vaults_yaktaur_gun_rack, v_misc_19, v_misc_19,
          ontoclasm_vaults_gallery, vaults_room_stairs_pillars,
          hangedman_vaults_stretched_pinwheel, layout_vaults_omnibox,
          serial_glass, serial_shops, nicolae_shop_crystal
Vaults:4: ontoclasm_vaults_spin, grunt_vaults_diagonal, ontoclasm_vaults_chip,
          vaults_mumra_minichess, nicolae_vaults_network_s,
          nicolae_vaults_statue_guard, vaults_room_pool, layout_vaults_omnigrid,
          serial_shops, nicolae_shop_trees
Vaults:5: serial_shops
Crypt:1:  layout_regular_city, gammafunk_ghost_grave, grunt_megastairs_3,
          grunt_crypt_arrival_webbed
Crypt:2:  layout_regular_city, moated_statue
Crypt:3:  cryptofortress_bobbens, uniq_margery
Tomb:1
Tomb:2
Tomb:3
Depths:1: layout_honeycomb, abyss_entry, serial_shops, shop, chequers_big_river,
          hell_entry, grunt_decor_resistance, minmay_guarded_unrand_zonguldrok
Depths:2: minmay_ornate_pinched, layout_gridlike, rand_demon_pan_entry_3,
          serial_shops, shop, hell_entry, minmay_misc_feat_x,
          infiniplex_staircase_trident, minmay_shop_grove
Depths:3: minmay_the_grid_triangle_9x9_rhombus_full_mashed
          [minmay_the_grid_triangle_9x9_cache,
          minmay_the_grid_triangle_9x9_alien,
          minmay_the_grid_triangle_9x9_empty,
          minmay_the_grid_triangle_9x9_negative_grid,
          minmay_the_grid_triangle_9x9_dagger,
          minmay_the_grid_triangle_9x9_swiss_cheese,
          minmay_the_grid_triangle_9x9_descending_squares,
          minmay_the_grid_triangle_9x9_prize_center], layout_honeycomb,
          hellmouth_1, pan_entry, hangedman_abyss_or_decor_stagger,
          minmay_staircase_windowed_large
Depths:4: hourglass_vault, layout_cave_pools, abyss_entry, hell_entry,
          minmay_misc_feat_doors, rand_demon_pan_entry_7, lemuel_flamethrower_3
Depths:5: grunt_zot_entry_gee_three, layout_cave_shapes, enter_ziggurat_a,
          serial_shops, nicolae_shop_stone, basic_altar, hell_entry,
          chequers_serial_rivers_micro_b, serial_bayou_shore_a, uniq_frederick
Hell
Dis:1:    layout_overlapping_boxes
Dis:2:    layout_regular_city
Dis:3:    layout_overlapping_boxes, hangedman_dis_decor_blocks_talon
Dis:4:    layout_gridville
Dis:5:    layout_overlapping_boxes
Dis:6:    layout_subdivisions
Dis:7:    iron_city_of_dis [dis_grunt, dis_wall_3], layout_chaotic_city
Geh:1:    layout_gehenna_pools_triple
Geh:2:    layout_gehenna_pools_triple, lemuel_elevator
Geh:3:    layout_gehenna_pools_triple
Geh:4:    layout_gehenna_pools_basic
Geh:5:    layout_gehenna_pools_triple
Geh:6:    layout_gehenna_pools_box, gehenna_fire_generator
Geh:7:    geh_old
Coc:1:    layout_ice_bergs
Coc:2:    layout_cocytus_water_paths
Coc:3:    layout_ice_bergs
Coc:4:    layout_ice_bergs
Coc:5:    layout_ice_bergs
Coc:6:    layout_ice_bergs
Coc:7:    coc_dpeg
Tar:1:    layout_honeycomb
Tar:2:    layout_grid_maze
Tar:3:    layout_grid_maze, nicolae_tar_cuneiform_oil
Tar:4:    layout_cathedral_of_symmetry, nicolae_tar_cuneiform_two
Tar:5:    layout_grid_maze, nicolae_tar_cuneiform_not
Tar:6:    layout_cathedral_of_symmetry, lemuel_elevator, grunt_megastairs_2
Tar:7:    tar_grunt_cathedral
Zot:1:    layout_gridlike
Zot:2:    layout_basic, st_stairs_5
Zot:3:    layout_gridlike, lemuel_elevator
Zot:4:    layout_cellular_growth, st_stairs_4, skrybe_zot_glass_2
Zot:5:    layout_twisted_circle, grunt_ministairs_9

Skill      XL: |  1  2  3  4  5  6  7  8  9 10 11 12 13 14 15 16 17 18 19 20 21 22 23 24 25 26 27 |
---------------+----------------------------------------------------------------------------------+-----
Dodging        | 1 2 3 4 5 6 7 9 10 11 12 13 18 | 18.6
Long Blades    | 2 3 6 13 | 13.8
Armour         | 2 3 4 5 6 7 9 10 11 13 14 16 27 | 27.0
Invocations    | 3 4 5 6 7 8 9 10 11 12 15 | 15.2
Fighting       | 4 5 6 7 9 10 11 12 14 15 16 17 18 19 20 21 27 | 27.0
Stealth        | 1 3 4 5 6 7 8 11 15 16 | 16.5
Short Blades   | 1 2 4 6 7 9 12 13 17 | 17.3
Evocations     | 3 4 5 6 8 10 11 12 15 16 20 | 20.1
Throwing       | 1 2 3 4 12 | 12.0
Shields        | 2 4 6 7 9 10 11 12 14 15 16 18 19 27 | 27.0
Polearms       | 1 |  1.1
Spellcasting   | 11 | 11.4
Earth Magic    | 10 | 10.0
Transmutations | 13 | 13.0
Necromancy     | 18 | 18.1
Poison Magic   | 8 |  8.0
Conjurations   | 4 |  4.0

Action                   |  1- 3 |  4- 6 |  7- 9 | 10-12 | 13-15 | 16-18 | 19-21 | 22-24 | 25-27 || total
-------------------------+-------+-------+-------+-------+-------+-------+-------+-------+-------++-------
Melee: Falchion          |    61 |    37 |       |       |       |       |       |       |       ||    98
       Long sword        |       |    81 |    41 |       |       |       |       |       |       ||   122
       Dagger            |       |       |   278 |   763 |   421 |     2 |    76 |   178 |   376 ||  2094
       Headbutt          |       |       |       |   194 |   327 |   340 |   257 |   583 |  4727 ||  6428
       Rapier            |       |       |       |       |   767 |  1268 |   847 |  1073 |  6353 || 10308
       Scimitar          |       |       |       |       |    53 |       |       |       |       ||    53
       Demon trident     |       |       |       |       |    27 |       |       |       |       ||    27
       Double sword      |       |       |       |       |       |       |       |   115 |  2124 ||  2239
       Demon blade       |       |       |       |       |       |       |       |       |  3262 ||  3262
       Bite              |       |       |       |       |       |       |       |       |  1474 ||  1474
       Quick blade       |       |       |       |       |       |       |       |       |    67 ||    67
       Unarmed           |       |       |       |       |       |       |       |       |     5 ||     5
Throw: Javelin           |     2 |    14 |       |       |       |       |       |       |       ||    16
       Dart              |       |    22 |    36 |   139 |   191 |    57 |     6 |     9 |    47 ||   507
       Boomerang         |       |       |       |       |    20 |       |       |       |       ||    20
       Throwing net      |       |       |       |       |       |       |     2 |       |    24 ||    26
 Cast: Apportation       |       |       |       |       |       |       |       |       |     3 ||     3
       Eringya's Noxious |       |       |       |       |       |       |       |       |     3 ||     3
       Statue Form       |       |       |       |       |       |       |       |       |     2 ||     2
Invok: Depart the Abyss  |     1 |       |       |       |       |       |     1 |       |     7 ||     9
       Bend Space        |       |     1 |     3 |     6 |     2 |     8 |     1 |     6 |    36 ||    63
       Banish            |       |       |     1 |     4 |    12 |       |     4 |       |     2 ||    23
       Brand Weapon With |       |       |       |       |     1 |       |       |       |       ||     1
       Corrupt           |       |       |       |       |       |     1 |       |     1 |     6 ||     8
       Enter the Abyss   |       |       |       |       |       |       |       |       |     7 ||     7
 Abil: Evoke Invisibilit |       |       |       |       |       |       |     1 |       |     2 ||     3
       Evoke Ratskin     |       |       |       |       |       |       |       |       |    16 ||    16
       End Transformatio |       |       |       |       |       |       |       |       |     1 ||     1
Evoke: Wand              |       |       |    13 |    44 |    31 |    60 |    74 |    39 |   132 ||   393
       Phial of floods   |       |       |       |       |     7 |     8 |     6 |     7 |    49 ||    77
       Lightning rod     |       |       |       |       |     3 |    20 |    17 |    27 |   105 ||   172
       Tin of tremorston |       |       |       |       |       |    10 |    18 |    26 |   134 ||   188
       Box of beasts     |       |       |       |       |       |     2 |     3 |     1 |    25 ||    31
       Phantom mirror    |       |       |       |       |       |       |     1 |       |     5 ||     6
       Horn of Geryon    |       |       |       |       |       |       |       |       |    39 ||    39
  Use: Potion            |     2 |     1 |     2 |     2 |     5 |     8 |     4 |    10 |    80 ||   114
       Scroll            |       |     3 |     7 |    13 |    16 |    21 |    10 |    16 |    86 ||   172
 Stab: Sleeping          |     2 |     2 |    11 |    10 |    43 |    44 |    38 |    39 |   218 ||   407
       Paralysed         |       |       |       |    11 |       |     3 |       |     1 |    10 ||    25
       Distracted        |       |       |       |     2 |     3 |     9 |     3 |    10 |   109 ||   136
       Confused          |       |       |       |       |     3 |     3 |       |       |       ||     6
       Invisible         |       |       |       |       |       |       |     6 |       |    58 ||    64
       Held in net/web   |       |       |       |       |       |       |       |       |     9 ||     9
  Eat: Chunk             |     1 |     6 |    17 |    17 |    34 |    16 |    10 |    20 |    44 ||   165
       Ration            |       |       |       |     4 |     3 |     8 |     7 |     5 |    76 ||   103
Armor: Leather armour    |     8 |    12 |    10 |       |       |       |       |       |       ||    30
       Skin              |     3 |    15 |       |       |       |       |       |       |       ||    18
       Troll leather arm |       |       |    15 |       |       |       |       |       |       ||    15
       Robe              |       |       |    21 |    39 |       |       |       |       |       ||    60
       Steam dragon scal |       |       |       |    13 |   114 |   144 |    83 |       |       ||   354
       Scale mail        |       |       |       |       |       |       |    15 |   214 |   285 ||   514
       Plate armour      |       |       |       |       |       |       |       |       |   821 ||   821
       Pearl dragon scal |       |       |       |       |       |       |       |       |  1173 ||  1173
Dodge: Dodged            |    48 |    47 |   164 |   285 |   374 |   441 |   299 |   286 |  3322 ||  5266
Block: Kite shield       |       |       |    18 |   130 |       |       |   176 |       |       ||   324
       Tower shield      |       |       |       |   226 |   943 |  1389 |   403 |  1272 | 12744 || 16977
       Reflection        |       |       |       |     2 |    36 |    46 |    53 |   123 |   196 ||   456
       Rpst.: Falchion   |    14 |     3 |       |       |       |       |       |       |       ||    17
       Long sword        |       |     4 |    10 |       |       |       |       |       |       ||    14
       Scimitar          |       |       |       |       |     3 |       |       |       |       ||     3
       Double sword      |       |       |       |       |       |       |       |     8 |   101 ||   109
       Demon blade       |       |       |       |       |       |       |       |       |   144 ||   144
